%YAML 1.1
%TAG !u! tag:unity3d.com,2011:
--- !u!29 &1
OcclusionCullingSettings:
  m_ObjectHideFlags: 0
  serializedVersion: 2
  m_OcclusionBakeSettings:
    smallestOccluder: 5
    smallestHole: 0.25
    backfaceThreshold: 100
  m_SceneGUID: 00000000000000000000000000000000
  m_OcclusionCullingData: {fileID: 0}
--- !u!104 &2
RenderSettings:
  m_ObjectHideFlags: 0
  serializedVersion: 9
  m_Fog: 0
  m_FogColor: {r: 0.5, g: 0.5, b: 0.5, a: 1}
  m_FogMode: 3
  m_FogDensity: 0.01
  m_LinearFogStart: 0
  m_LinearFogEnd: 300
  m_AmbientSkyColor: {r: 0.212, g: 0.227, b: 0.259, a: 1}
  m_AmbientEquatorColor: {r: 0.114, g: 0.125, b: 0.133, a: 1}
  m_AmbientGroundColor: {r: 0.047, g: 0.043, b: 0.035, a: 1}
  m_AmbientIntensity: 1
  m_AmbientMode: 0
  m_SubtractiveShadowColor: {r: 0.42, g: 0.478, b: 0.627, a: 1}
  m_SkyboxMaterial: {fileID: 10304, guid: 0000000000000000f000000000000000, type: 0}
  m_HaloStrength: 0.5
  m_FlareStrength: 1
  m_FlareFadeSpeed: 3
  m_HaloTexture: {fileID: 0}
  m_SpotCookie: {fileID: 10001, guid: 0000000000000000e000000000000000, type: 0}
  m_DefaultReflectionMode: 0
  m_DefaultReflectionResolution: 128
  m_ReflectionBounces: 1
  m_ReflectionIntensity: 1
  m_CustomReflection: {fileID: 0}
  m_Sun: {fileID: 705507994}
  m_IndirectSpecularColor: {r: 0, g: 0, b: 0, a: 1}
  m_UseRadianceAmbientProbe: 0
--- !u!157 &3
LightmapSettings:
  m_ObjectHideFlags: 0
  serializedVersion: 11
  m_GIWorkflowMode: 1
  m_GISettings:
    serializedVersion: 2
    m_BounceScale: 1
    m_IndirectOutputScale: 1
    m_AlbedoBoost: 1
    m_EnvironmentLightingMode: 0
    m_EnableBakedLightmaps: 1
    m_EnableRealtimeLightmaps: 0
  m_LightmapEditorSettings:
    serializedVersion: 12
    m_Resolution: 2
    m_BakeResolution: 40
    m_AtlasSize: 1024
    m_AO: 0
    m_AOMaxDistance: 1
    m_CompAOExponent: 1
    m_CompAOExponentDirect: 0
    m_ExtractAmbientOcclusion: 0
    m_Padding: 2
    m_LightmapParameters: {fileID: 0}
    m_LightmapsBakeMode: 1
    m_TextureCompression: 1
    m_FinalGather: 0
    m_FinalGatherFiltering: 1
    m_FinalGatherRayCount: 256
    m_ReflectionCompression: 2
    m_MixedBakeMode: 2
    m_BakeBackend: 1
    m_PVRSampling: 1
    m_PVRDirectSampleCount: 32
    m_PVRSampleCount: 500
    m_PVRBounces: 2
    m_PVREnvironmentSampleCount: 500
    m_PVREnvironmentReferencePointCount: 2048
    m_PVRFilteringMode: 2
    m_PVRDenoiserTypeDirect: 0
    m_PVRDenoiserTypeIndirect: 0
    m_PVRDenoiserTypeAO: 0
    m_PVRFilterTypeDirect: 0
    m_PVRFilterTypeIndirect: 0
    m_PVRFilterTypeAO: 0
    m_PVREnvironmentMIS: 0
    m_PVRCulling: 1
    m_PVRFilteringGaussRadiusDirect: 1
    m_PVRFilteringGaussRadiusIndirect: 5
    m_PVRFilteringGaussRadiusAO: 2
    m_PVRFilteringAtrousPositionSigmaDirect: 0.5
    m_PVRFilteringAtrousPositionSigmaIndirect: 2
    m_PVRFilteringAtrousPositionSigmaAO: 1
    m_ExportTrainingData: 0
    m_TrainingDataDestination: TrainingData
    m_LightProbeSampleCountMultiplier: 4
  m_LightingDataAsset: {fileID: 0}
  m_UseShadowmask: 1
--- !u!196 &4
NavMeshSettings:
  serializedVersion: 2
  m_ObjectHideFlags: 0
  m_BuildSettings:
    serializedVersion: 2
    agentTypeID: 0
    agentRadius: 0.5
    agentHeight: 2
    agentSlope: 45
    agentClimb: 0.4
    ledgeDropHeight: 0
    maxJumpAcrossDistance: 0
    minRegionArea: 2
    manualCellSize: 0
    cellSize: 0.16666667
    manualTileSize: 0
    tileSize: 256
    accuratePlacement: 0
    debug:
      m_Flags: 0
  m_NavMeshData: {fileID: 0}
--- !u!1001 &281794673
PrefabInstance:
  m_ObjectHideFlags: 0
  serializedVersion: 2
  m_Modification:
    m_TransformParent: {fileID: 0}
    m_Modifications:
    - target: {fileID: -8679921383154817045, guid: 741835eed716b2746ab1c481265df39a,
        type: 3}
      propertyPath: m_LocalPosition.x
      value: -0
      objectReference: {fileID: 0}
    - target: {fileID: -8679921383154817045, guid: 741835eed716b2746ab1c481265df39a,
        type: 3}
      propertyPath: m_LocalPosition.y
      value: 13.9
      objectReference: {fileID: 0}
    - target: {fileID: -8679921383154817045, guid: 741835eed716b2746ab1c481265df39a,
        type: 3}
      propertyPath: m_LocalPosition.z
      value: 49.8
      objectReference: {fileID: 0}
    - target: {fileID: -8679921383154817045, guid: 741835eed716b2746ab1c481265df39a,
        type: 3}
      propertyPath: m_LocalRotation.x
      value: 0.000000021855694
      objectReference: {fileID: 0}
    - target: {fileID: -8679921383154817045, guid: 741835eed716b2746ab1c481265df39a,
        type: 3}
      propertyPath: m_LocalRotation.y
      value: 0
      objectReference: {fileID: 0}
    - target: {fileID: -8679921383154817045, guid: 741835eed716b2746ab1c481265df39a,
        type: 3}
      propertyPath: m_LocalRotation.z
      value: -0
      objectReference: {fileID: 0}
    - target: {fileID: -8679921383154817045, guid: 741835eed716b2746ab1c481265df39a,
        type: 3}
      propertyPath: m_LocalRotation.w
      value: 1
      objectReference: {fileID: 0}
    - target: {fileID: -8679921383154817045, guid: 741835eed716b2746ab1c481265df39a,
        type: 3}
      propertyPath: m_RootOrder
      value: 6
      objectReference: {fileID: 0}
    - target: {fileID: -8679921383154817045, guid: 741835eed716b2746ab1c481265df39a,
        type: 3}
      propertyPath: m_LocalEulerAnglesHint.x
      value: 0
      objectReference: {fileID: 0}
    - target: {fileID: -8679921383154817045, guid: 741835eed716b2746ab1c481265df39a,
        type: 3}
      propertyPath: m_LocalEulerAnglesHint.y
      value: 0
      objectReference: {fileID: 0}
    - target: {fileID: -8679921383154817045, guid: 741835eed716b2746ab1c481265df39a,
        type: 3}
      propertyPath: m_LocalEulerAnglesHint.z
      value: 0
      objectReference: {fileID: 0}
    - target: {fileID: 919132149155446097, guid: 741835eed716b2746ab1c481265df39a,
        type: 3}
      propertyPath: m_Name
      value: MQ-3_Drone (1)
      objectReference: {fileID: 0}
    m_RemovedComponents: []
  m_SourcePrefab: {fileID: 100100000, guid: 741835eed716b2746ab1c481265df39a, type: 3}
--- !u!1 &281794674 stripped
GameObject:
  m_CorrespondingSourceObject: {fileID: 919132149155446097, guid: 741835eed716b2746ab1c481265df39a,
    type: 3}
  m_PrefabInstance: {fileID: 281794673}
  m_PrefabAsset: {fileID: 0}
--- !u!1 &281794675 stripped
GameObject:
  m_CorrespondingSourceObject: {fileID: 8749461183961869392, guid: 741835eed716b2746ab1c481265df39a,
    type: 3}
  m_PrefabInstance: {fileID: 281794673}
  m_PrefabAsset: {fileID: 0}
--- !u!1 &281794676 stripped
GameObject:
  m_CorrespondingSourceObject: {fileID: -6619385542428775067, guid: 741835eed716b2746ab1c481265df39a,
    type: 3}
  m_PrefabInstance: {fileID: 281794673}
  m_PrefabAsset: {fileID: 0}
--- !u!1 &281794677 stripped
GameObject:
  m_CorrespondingSourceObject: {fileID: 6463419177537378924, guid: 741835eed716b2746ab1c481265df39a,
    type: 3}
  m_PrefabInstance: {fileID: 281794673}
  m_PrefabAsset: {fileID: 0}
--- !u!1 &281794678 stripped
GameObject:
  m_CorrespondingSourceObject: {fileID: 2084349591035455327, guid: 741835eed716b2746ab1c481265df39a,
    type: 3}
  m_PrefabInstance: {fileID: 281794673}
  m_PrefabAsset: {fileID: 0}
--- !u!1 &281794679 stripped
GameObject:
  m_CorrespondingSourceObject: {fileID: 9029181685317378799, guid: 741835eed716b2746ab1c481265df39a,
    type: 3}
  m_PrefabInstance: {fileID: 281794673}
  m_PrefabAsset: {fileID: 0}
--- !u!1 &281794680 stripped
GameObject:
  m_CorrespondingSourceObject: {fileID: -5808724357339765478, guid: 741835eed716b2746ab1c481265df39a,
    type: 3}
  m_PrefabInstance: {fileID: 281794673}
  m_PrefabAsset: {fileID: 0}
--- !u!1 &281794681 stripped
GameObject:
  m_CorrespondingSourceObject: {fileID: -854159943220084948, guid: 741835eed716b2746ab1c481265df39a,
    type: 3}
  m_PrefabInstance: {fileID: 281794673}
  m_PrefabAsset: {fileID: 0}
--- !u!64 &281794682
MeshCollider:
  m_ObjectHideFlags: 0
  m_CorrespondingSourceObject: {fileID: 0}
  m_PrefabInstance: {fileID: 0}
  m_PrefabAsset: {fileID: 0}
  m_GameObject: {fileID: 281794674}
  m_Material: {fileID: 0}
  m_IsTrigger: 0
  m_Enabled: 1
  serializedVersion: 4
  m_Convex: 0
  m_CookingOptions: 30
  m_Mesh: {fileID: -4518586410152691792, guid: 741835eed716b2746ab1c481265df39a, type: 3}
--- !u!64 &281794683
MeshCollider:
  m_ObjectHideFlags: 0
  m_CorrespondingSourceObject: {fileID: 0}
  m_PrefabInstance: {fileID: 0}
  m_PrefabAsset: {fileID: 0}
  m_GameObject: {fileID: 281794675}
  m_Material: {fileID: 0}
  m_IsTrigger: 0
  m_Enabled: 1
  serializedVersion: 4
  m_Convex: 0
  m_CookingOptions: 30
  m_Mesh: {fileID: -8123738496442752641, guid: 741835eed716b2746ab1c481265df39a, type: 3}
--- !u!64 &281794684
MeshCollider:
  m_ObjectHideFlags: 0
  m_CorrespondingSourceObject: {fileID: 0}
  m_PrefabInstance: {fileID: 0}
  m_PrefabAsset: {fileID: 0}
  m_GameObject: {fileID: 281794676}
  m_Material: {fileID: 0}
  m_IsTrigger: 0
  m_Enabled: 1
  serializedVersion: 4
  m_Convex: 0
  m_CookingOptions: 30
  m_Mesh: {fileID: -8730636097468761516, guid: 741835eed716b2746ab1c481265df39a, type: 3}
--- !u!64 &281794685
MeshCollider:
  m_ObjectHideFlags: 0
  m_CorrespondingSourceObject: {fileID: 0}
  m_PrefabInstance: {fileID: 0}
  m_PrefabAsset: {fileID: 0}
  m_GameObject: {fileID: 281794677}
  m_Material: {fileID: 0}
  m_IsTrigger: 0
  m_Enabled: 1
  serializedVersion: 4
  m_Convex: 0
  m_CookingOptions: 30
  m_Mesh: {fileID: -3338607042036049301, guid: 741835eed716b2746ab1c481265df39a, type: 3}
--- !u!64 &281794686
MeshCollider:
  m_ObjectHideFlags: 0
  m_CorrespondingSourceObject: {fileID: 0}
  m_PrefabInstance: {fileID: 0}
  m_PrefabAsset: {fileID: 0}
  m_GameObject: {fileID: 281794678}
  m_Material: {fileID: 0}
  m_IsTrigger: 0
  m_Enabled: 1
  serializedVersion: 4
  m_Convex: 0
  m_CookingOptions: 30
  m_Mesh: {fileID: -4546127652906509944, guid: 741835eed716b2746ab1c481265df39a, type: 3}
--- !u!64 &281794687
MeshCollider:
  m_ObjectHideFlags: 0
  m_CorrespondingSourceObject: {fileID: 0}
  m_PrefabInstance: {fileID: 0}
  m_PrefabAsset: {fileID: 0}
  m_GameObject: {fileID: 281794679}
  m_Material: {fileID: 0}
  m_IsTrigger: 0
  m_Enabled: 1
  serializedVersion: 4
  m_Convex: 0
  m_CookingOptions: 30
  m_Mesh: {fileID: -3370488970931075696, guid: 741835eed716b2746ab1c481265df39a, type: 3}
--- !u!64 &281794688
MeshCollider:
  m_ObjectHideFlags: 0
  m_CorrespondingSourceObject: {fileID: 0}
  m_PrefabInstance: {fileID: 0}
  m_PrefabAsset: {fileID: 0}
  m_GameObject: {fileID: 281794680}
  m_Material: {fileID: 0}
  m_IsTrigger: 0
  m_Enabled: 1
  serializedVersion: 4
  m_Convex: 0
  m_CookingOptions: 30
  m_Mesh: {fileID: -6899489617099259373, guid: 741835eed716b2746ab1c481265df39a, type: 3}
--- !u!64 &281794689
MeshCollider:
  m_ObjectHideFlags: 0
  m_CorrespondingSourceObject: {fileID: 0}
  m_PrefabInstance: {fileID: 0}
  m_PrefabAsset: {fileID: 0}
  m_GameObject: {fileID: 281794681}
  m_Material: {fileID: 0}
  m_IsTrigger: 0
  m_Enabled: 1
  serializedVersion: 4
  m_Convex: 0
  m_CookingOptions: 30
  m_Mesh: {fileID: -8487446057782883894, guid: 741835eed716b2746ab1c481265df39a, type: 3}
--- !u!1001 &293419854
PrefabInstance:
  m_ObjectHideFlags: 0
  serializedVersion: 2
  m_Modification:
    m_TransformParent: {fileID: 0}
    m_Modifications:
    - target: {fileID: -8679921383154817045, guid: 741835eed716b2746ab1c481265df39a,
        type: 3}
      propertyPath: m_LocalPosition.x
      value: -0
      objectReference: {fileID: 0}
    - target: {fileID: -8679921383154817045, guid: 741835eed716b2746ab1c481265df39a,
        type: 3}
      propertyPath: m_LocalPosition.y
      value: 13.9
      objectReference: {fileID: 0}
    - target: {fileID: -8679921383154817045, guid: 741835eed716b2746ab1c481265df39a,
        type: 3}
      propertyPath: m_LocalPosition.z
      value: -64.61
      objectReference: {fileID: 0}
    - target: {fileID: -8679921383154817045, guid: 741835eed716b2746ab1c481265df39a,
        type: 3}
      propertyPath: m_LocalRotation.x
      value: 0.000000021855694
      objectReference: {fileID: 0}
    - target: {fileID: -8679921383154817045, guid: 741835eed716b2746ab1c481265df39a,
        type: 3}
      propertyPath: m_LocalRotation.y
      value: 0
      objectReference: {fileID: 0}
    - target: {fileID: -8679921383154817045, guid: 741835eed716b2746ab1c481265df39a,
        type: 3}
      propertyPath: m_LocalRotation.z
      value: -0
      objectReference: {fileID: 0}
    - target: {fileID: -8679921383154817045, guid: 741835eed716b2746ab1c481265df39a,
        type: 3}
      propertyPath: m_LocalRotation.w
      value: 1
      objectReference: {fileID: 0}
    - target: {fileID: -8679921383154817045, guid: 741835eed716b2746ab1c481265df39a,
        type: 3}
      propertyPath: m_RootOrder
      value: 5
      objectReference: {fileID: 0}
    - target: {fileID: -8679921383154817045, guid: 741835eed716b2746ab1c481265df39a,
        type: 3}
      propertyPath: m_LocalEulerAnglesHint.x
      value: 0
      objectReference: {fileID: 0}
    - target: {fileID: -8679921383154817045, guid: 741835eed716b2746ab1c481265df39a,
        type: 3}
      propertyPath: m_LocalEulerAnglesHint.y
      value: 0
      objectReference: {fileID: 0}
    - target: {fileID: -8679921383154817045, guid: 741835eed716b2746ab1c481265df39a,
        type: 3}
      propertyPath: m_LocalEulerAnglesHint.z
      value: 0
      objectReference: {fileID: 0}
    - target: {fileID: 919132149155446097, guid: 741835eed716b2746ab1c481265df39a,
        type: 3}
      propertyPath: m_Name
      value: MQ-3_Drone
      objectReference: {fileID: 0}
    m_RemovedComponents: []
  m_SourcePrefab: {fileID: 100100000, guid: 741835eed716b2746ab1c481265df39a, type: 3}
--- !u!1 &293419855 stripped
GameObject:
  m_CorrespondingSourceObject: {fileID: 919132149155446097, guid: 741835eed716b2746ab1c481265df39a,
    type: 3}
  m_PrefabInstance: {fileID: 293419854}
  m_PrefabAsset: {fileID: 0}
--- !u!1 &293419856 stripped
GameObject:
  m_CorrespondingSourceObject: {fileID: 8749461183961869392, guid: 741835eed716b2746ab1c481265df39a,
    type: 3}
  m_PrefabInstance: {fileID: 293419854}
  m_PrefabAsset: {fileID: 0}
--- !u!1 &293419857 stripped
GameObject:
  m_CorrespondingSourceObject: {fileID: -6619385542428775067, guid: 741835eed716b2746ab1c481265df39a,
    type: 3}
  m_PrefabInstance: {fileID: 293419854}
  m_PrefabAsset: {fileID: 0}
--- !u!1 &293419858 stripped
GameObject:
  m_CorrespondingSourceObject: {fileID: 6463419177537378924, guid: 741835eed716b2746ab1c481265df39a,
    type: 3}
  m_PrefabInstance: {fileID: 293419854}
  m_PrefabAsset: {fileID: 0}
--- !u!1 &293419859 stripped
GameObject:
  m_CorrespondingSourceObject: {fileID: 2084349591035455327, guid: 741835eed716b2746ab1c481265df39a,
    type: 3}
  m_PrefabInstance: {fileID: 293419854}
  m_PrefabAsset: {fileID: 0}
--- !u!1 &293419860 stripped
GameObject:
  m_CorrespondingSourceObject: {fileID: 9029181685317378799, guid: 741835eed716b2746ab1c481265df39a,
    type: 3}
  m_PrefabInstance: {fileID: 293419854}
  m_PrefabAsset: {fileID: 0}
--- !u!1 &293419861 stripped
GameObject:
  m_CorrespondingSourceObject: {fileID: -5808724357339765478, guid: 741835eed716b2746ab1c481265df39a,
    type: 3}
  m_PrefabInstance: {fileID: 293419854}
  m_PrefabAsset: {fileID: 0}
--- !u!1 &293419862 stripped
GameObject:
  m_CorrespondingSourceObject: {fileID: -854159943220084948, guid: 741835eed716b2746ab1c481265df39a,
    type: 3}
  m_PrefabInstance: {fileID: 293419854}
  m_PrefabAsset: {fileID: 0}
--- !u!64 &293419863
MeshCollider:
  m_ObjectHideFlags: 0
  m_CorrespondingSourceObject: {fileID: 0}
  m_PrefabInstance: {fileID: 0}
  m_PrefabAsset: {fileID: 0}
  m_GameObject: {fileID: 293419855}
  m_Material: {fileID: 0}
  m_IsTrigger: 0
  m_Enabled: 1
  serializedVersion: 4
  m_Convex: 0
  m_CookingOptions: 30
  m_Mesh: {fileID: -4518586410152691792, guid: 741835eed716b2746ab1c481265df39a, type: 3}
--- !u!64 &293419864
MeshCollider:
  m_ObjectHideFlags: 0
  m_CorrespondingSourceObject: {fileID: 0}
  m_PrefabInstance: {fileID: 0}
  m_PrefabAsset: {fileID: 0}
  m_GameObject: {fileID: 293419856}
  m_Material: {fileID: 0}
  m_IsTrigger: 0
  m_Enabled: 1
  serializedVersion: 4
  m_Convex: 0
  m_CookingOptions: 30
  m_Mesh: {fileID: -8123738496442752641, guid: 741835eed716b2746ab1c481265df39a, type: 3}
--- !u!64 &293419865
MeshCollider:
  m_ObjectHideFlags: 0
  m_CorrespondingSourceObject: {fileID: 0}
  m_PrefabInstance: {fileID: 0}
  m_PrefabAsset: {fileID: 0}
  m_GameObject: {fileID: 293419857}
  m_Material: {fileID: 0}
  m_IsTrigger: 0
  m_Enabled: 1
  serializedVersion: 4
  m_Convex: 0
  m_CookingOptions: 30
  m_Mesh: {fileID: -8730636097468761516, guid: 741835eed716b2746ab1c481265df39a, type: 3}
--- !u!64 &293419866
MeshCollider:
  m_ObjectHideFlags: 0
  m_CorrespondingSourceObject: {fileID: 0}
  m_PrefabInstance: {fileID: 0}
  m_PrefabAsset: {fileID: 0}
  m_GameObject: {fileID: 293419858}
  m_Material: {fileID: 0}
  m_IsTrigger: 0
  m_Enabled: 1
  serializedVersion: 4
  m_Convex: 0
  m_CookingOptions: 30
  m_Mesh: {fileID: -3338607042036049301, guid: 741835eed716b2746ab1c481265df39a, type: 3}
--- !u!64 &293419867
MeshCollider:
  m_ObjectHideFlags: 0
  m_CorrespondingSourceObject: {fileID: 0}
  m_PrefabInstance: {fileID: 0}
  m_PrefabAsset: {fileID: 0}
  m_GameObject: {fileID: 293419859}
  m_Material: {fileID: 0}
  m_IsTrigger: 0
  m_Enabled: 1
  serializedVersion: 4
  m_Convex: 0
  m_CookingOptions: 30
  m_Mesh: {fileID: -4546127652906509944, guid: 741835eed716b2746ab1c481265df39a, type: 3}
--- !u!64 &293419868
MeshCollider:
  m_ObjectHideFlags: 0
  m_CorrespondingSourceObject: {fileID: 0}
  m_PrefabInstance: {fileID: 0}
  m_PrefabAsset: {fileID: 0}
  m_GameObject: {fileID: 293419860}
  m_Material: {fileID: 0}
  m_IsTrigger: 0
  m_Enabled: 1
  serializedVersion: 4
  m_Convex: 0
  m_CookingOptions: 30
  m_Mesh: {fileID: -3370488970931075696, guid: 741835eed716b2746ab1c481265df39a, type: 3}
--- !u!64 &293419869
MeshCollider:
  m_ObjectHideFlags: 0
  m_CorrespondingSourceObject: {fileID: 0}
  m_PrefabInstance: {fileID: 0}
  m_PrefabAsset: {fileID: 0}
  m_GameObject: {fileID: 293419861}
  m_Material: {fileID: 0}
  m_IsTrigger: 0
  m_Enabled: 1
  serializedVersion: 4
  m_Convex: 0
  m_CookingOptions: 30
  m_Mesh: {fileID: -6899489617099259373, guid: 741835eed716b2746ab1c481265df39a, type: 3}
--- !u!64 &293419870
MeshCollider:
  m_ObjectHideFlags: 0
  m_CorrespondingSourceObject: {fileID: 0}
  m_PrefabInstance: {fileID: 0}
  m_PrefabAsset: {fileID: 0}
  m_GameObject: {fileID: 293419862}
  m_Material: {fileID: 0}
  m_IsTrigger: 0
  m_Enabled: 1
  serializedVersion: 4
  m_Convex: 0
  m_CookingOptions: 30
  m_Mesh: {fileID: -8487446057782883894, guid: 741835eed716b2746ab1c481265df39a, type: 3}
--- !u!1 &650256078
GameObject:
  m_ObjectHideFlags: 0
  m_CorrespondingSourceObject: {fileID: 0}
  m_PrefabInstance: {fileID: 0}
  m_PrefabAsset: {fileID: 0}
  serializedVersion: 6
  m_Component:
  - component: {fileID: 650256080}
  - component: {fileID: 650256079}
  m_Layer: 0
  m_Name: Directional Light (2)
  m_TagString: Untagged
  m_Icon: {fileID: 0}
  m_NavMeshLayer: 0
  m_StaticEditorFlags: 0
  m_IsActive: 1
--- !u!108 &650256079
Light:
  m_ObjectHideFlags: 0
  m_CorrespondingSourceObject: {fileID: 0}
  m_PrefabInstance: {fileID: 0}
  m_PrefabAsset: {fileID: 0}
  m_GameObject: {fileID: 650256078}
  m_Enabled: 1
  serializedVersion: 10
  m_Type: 1
  m_Shape: 0
  m_Color: {r: 0.5360003, g: 0.6314246, b: 0.6886792, a: 1}
  m_Intensity: 0.49
  m_Range: 10
  m_SpotAngle: 30
  m_InnerSpotAngle: 21.80208
  m_CookieSize: 10
  m_Shadows:
    m_Type: 2
    m_Resolution: 2
    m_CustomResolution: -1
    m_Strength: 1
    m_Bias: 0.05
    m_NormalBias: 0.4
    m_NearPlane: 0.2
    m_CullingMatrixOverride:
      e00: 1
      e01: 0
      e02: 0
      e03: 0
      e10: 0
      e11: 1
      e12: 0
      e13: 0
      e20: 0
      e21: 0
      e22: 1
      e23: 0
      e30: 0
      e31: 0
      e32: 0
      e33: 1
    m_UseCullingMatrixOverride: 0
  m_Cookie: {fileID: 0}
  m_DrawHalo: 0
  m_Flare: {fileID: 0}
  m_RenderMode: 0
  m_CullingMask:
    serializedVersion: 2
    m_Bits: 4294967295
  m_RenderingLayerMask: 1
  m_Lightmapping: 1
  m_LightShadowCasterMode: 0
  m_AreaSize: {x: 1, y: 1}
  m_BounceIntensity: 1
  m_ColorTemperature: 6570
  m_UseColorTemperature: 0
  m_BoundingSphereOverride: {x: 0, y: 0, z: 0, w: 0}
  m_UseBoundingSphereOverride: 0
  m_ShadowRadius: 0
  m_ShadowAngle: 0
--- !u!4 &650256080
Transform:
  m_ObjectHideFlags: 0
  m_CorrespondingSourceObject: {fileID: 0}
  m_PrefabInstance: {fileID: 0}
  m_PrefabAsset: {fileID: 0}
  m_GameObject: {fileID: 650256078}
  m_LocalRotation: {x: -0.12535377, y: 0.93905205, z: -0.25330818, w: 0.19571066}
  m_LocalPosition: {x: -29.21, y: 9.79, z: 59.2}
  m_LocalScale: {x: 1, y: 1, z: 1}
  m_Children: []
  m_Father: {fileID: 0}
  m_RootOrder: 4
  m_LocalEulerAnglesHint: {x: 25.257002, y: 151.53401, z: -21.712002}
--- !u!1 &705507993
GameObject:
  m_ObjectHideFlags: 0
  m_CorrespondingSourceObject: {fileID: 0}
  m_PrefabInstance: {fileID: 0}
  m_PrefabAsset: {fileID: 0}
  serializedVersion: 6
  m_Component:
  - component: {fileID: 705507995}
  - component: {fileID: 705507994}
  m_Layer: 0
  m_Name: Directional Light
  m_TagString: Untagged
  m_Icon: {fileID: 0}
  m_NavMeshLayer: 0
  m_StaticEditorFlags: 0
  m_IsActive: 1
--- !u!108 &705507994
Light:
  m_ObjectHideFlags: 0
  m_CorrespondingSourceObject: {fileID: 0}
  m_PrefabInstance: {fileID: 0}
  m_PrefabAsset: {fileID: 0}
  m_GameObject: {fileID: 705507993}
  m_Enabled: 1
  serializedVersion: 10
  m_Type: 1
  m_Shape: 0
  m_Color: {r: 0.9386792, g: 0.97593635, b: 1, a: 1}
  m_Intensity: 1.18
  m_Range: 10
  m_SpotAngle: 30
  m_InnerSpotAngle: 21.80208
  m_CookieSize: 10
  m_Shadows:
    m_Type: 1
    m_Resolution: 2
    m_CustomResolution: -1
    m_Strength: 1
    m_Bias: 0.05
    m_NormalBias: 0.4
    m_NearPlane: 0.2
    m_CullingMatrixOverride:
      e00: 1
      e01: 0
      e02: 0
      e03: 0
      e10: 0
      e11: 1
      e12: 0
      e13: 0
      e20: 0
      e21: 0
      e22: 1
      e23: 0
      e30: 0
      e31: 0
      e32: 0
      e33: 1
    m_UseCullingMatrixOverride: 0
  m_Cookie: {fileID: 0}
  m_DrawHalo: 0
  m_Flare: {fileID: 0}
  m_RenderMode: 0
  m_CullingMask:
    serializedVersion: 2
    m_Bits: 4294967295
  m_RenderingLayerMask: 1
  m_Lightmapping: 1
  m_LightShadowCasterMode: 0
  m_AreaSize: {x: 1, y: 1}
  m_BounceIntensity: 1
  m_ColorTemperature: 6570
  m_UseColorTemperature: 0
  m_BoundingSphereOverride: {x: 0, y: 0, z: 0, w: 0}
  m_UseBoundingSphereOverride: 0
  m_ShadowRadius: 0
  m_ShadowAngle: 0
--- !u!4 &705507995
Transform:
  m_ObjectHideFlags: 0
  m_CorrespondingSourceObject: {fileID: 0}
  m_PrefabInstance: {fileID: 0}
  m_PrefabAsset: {fileID: 0}
  m_GameObject: {fileID: 705507993}
  m_LocalRotation: {x: 0.23616791, y: -0.82039005, z: 0.35645607, w: 0.37963673}
  m_LocalPosition: {x: 85.3, y: 21.4, z: 55.17}
  m_LocalScale: {x: 1, y: 1, z: 1}
  m_Children: []
  m_Father: {fileID: 0}
  m_RootOrder: 1
  m_LocalEulerAnglesHint: {x: 49.834003, y: -135.195, z: -10.438001}
--- !u!1 &963194225
GameObject:
  m_ObjectHideFlags: 0
  m_CorrespondingSourceObject: {fileID: 0}
  m_PrefabInstance: {fileID: 0}
  m_PrefabAsset: {fileID: 0}
  serializedVersion: 6
  m_Component:
  - component: {fileID: 963194228}
  - component: {fileID: 963194227}
  - component: {fileID: 963194226}
  m_Layer: 0
  m_Name: Main Camera
  m_TagString: MainCamera
  m_Icon: {fileID: 0}
  m_NavMeshLayer: 0
  m_StaticEditorFlags: 0
  m_IsActive: 1
--- !u!81 &963194226
AudioListener:
  m_ObjectHideFlags: 0
  m_CorrespondingSourceObject: {fileID: 0}
  m_PrefabInstance: {fileID: 0}
  m_PrefabAsset: {fileID: 0}
  m_GameObject: {fileID: 963194225}
  m_Enabled: 1
--- !u!20 &963194227
Camera:
  m_ObjectHideFlags: 0
  m_CorrespondingSourceObject: {fileID: 0}
  m_PrefabInstance: {fileID: 0}
  m_PrefabAsset: {fileID: 0}
  m_GameObject: {fileID: 963194225}
  m_Enabled: 1
  serializedVersion: 2
  m_ClearFlags: 1
  m_BackGroundColor: {r: 0.19215687, g: 0.3019608, b: 0.4745098, a: 0}
  m_projectionMatrixMode: 1
  m_GateFitMode: 2
  m_FOVAxisMode: 0
  m_SensorSize: {x: 36, y: 24}
  m_LensShift: {x: 0, y: 0}
  m_FocalLength: 50
  m_NormalizedViewPortRect:
    serializedVersion: 2
    x: 0
    y: 0
    width: 1
    height: 1
  near clip plane: 0.3
  far clip plane: 1000
  field of view: 52
  orthographic: 0
  orthographic size: 5
  m_Depth: -1
  m_CullingMask:
    serializedVersion: 2
    m_Bits: 4294967295
  m_RenderingPath: -1
  m_TargetTexture: {fileID: 0}
  m_TargetDisplay: 0
  m_TargetEye: 3
  m_HDR: 1
  m_AllowMSAA: 1
  m_AllowDynamicResolution: 0
  m_ForceIntoRT: 0
  m_OcclusionCulling: 1
  m_StereoConvergence: 10
  m_StereoSeparation: 0.022
--- !u!4 &963194228
Transform:
  m_ObjectHideFlags: 0
  m_CorrespondingSourceObject: {fileID: 0}
  m_PrefabInstance: {fileID: 0}
  m_PrefabAsset: {fileID: 0}
  m_GameObject: {fileID: 963194225}
  m_LocalRotation: {x: 0.104941174, y: 0.84787834, z: -0.16476783, w: 0.49289078}
  m_LocalPosition: {x: -72.6, y: 43.6, z: 74.8}
  m_LocalScale: {x: 1, y: 1, z: 1}
  m_Children: []
  m_Father: {fileID: 0}
  m_RootOrder: 0
  m_LocalEulerAnglesHint: {x: 22.511002, y: 119.851006, z: 0.96300006}
--- !u!1 &1596879404
GameObject:
  m_ObjectHideFlags: 0
  m_CorrespondingSourceObject: {fileID: 0}
  m_PrefabInstance: {fileID: 0}
  m_PrefabAsset: {fileID: 0}
  serializedVersion: 6
  m_Component:
  - component: {fileID: 1596879406}
  - component: {fileID: 1596879405}
  m_Layer: 0
  m_Name: Directional Light (1)
  m_TagString: Untagged
  m_Icon: {fileID: 0}
  m_NavMeshLayer: 0
  m_StaticEditorFlags: 0
  m_IsActive: 1
--- !u!108 &1596879405
Light:
  m_ObjectHideFlags: 0
  m_CorrespondingSourceObject: {fileID: 0}
  m_PrefabInstance: {fileID: 0}
  m_PrefabAsset: {fileID: 0}
  m_GameObject: {fileID: 1596879404}
  m_Enabled: 1
  serializedVersion: 10
  m_Type: 1
  m_Shape: 0
  m_Color: {r: 0.72890705, g: 0.76801217, b: 0.7924528, a: 1}
  m_Intensity: 0.75
  m_Range: 10
  m_SpotAngle: 30
  m_InnerSpotAngle: 21.80208
  m_CookieSize: 10
  m_Shadows:
    m_Type: 1
    m_Resolution: 2
    m_CustomResolution: -1
    m_Strength: 1
    m_Bias: 0.05
    m_NormalBias: 0.4
    m_NearPlane: 0.2
    m_CullingMatrixOverride:
      e00: 1
      e01: 0
      e02: 0
      e03: 0
      e10: 0
      e11: 1
      e12: 0
      e13: 0
      e20: 0
      e21: 0
      e22: 1
      e23: 0
      e30: 0
      e31: 0
      e32: 0
      e33: 1
    m_UseCullingMatrixOverride: 0
  m_Cookie: {fileID: 0}
  m_DrawHalo: 0
  m_Flare: {fileID: 0}
  m_RenderMode: 0
  m_CullingMask:
    serializedVersion: 2
    m_Bits: 4294967295
  m_RenderingLayerMask: 1
  m_Lightmapping: 1
  m_LightShadowCasterMode: 0
  m_AreaSize: {x: 1, y: 1}
  m_BounceIntensity: 1
  m_ColorTemperature: 6570
  m_UseColorTemperature: 0
  m_BoundingSphereOverride: {x: 0, y: 0, z: 0, w: 0}
  m_UseBoundingSphereOverride: 0
  m_ShadowRadius: 0
  m_ShadowAngle: 0
--- !u!4 &1596879406
Transform:
  m_ObjectHideFlags: 0
  m_CorrespondingSourceObject: {fileID: 0}
  m_PrefabInstance: {fileID: 0}
  m_PrefabAsset: {fileID: 0}
  m_GameObject: {fileID: 1596879404}
  m_LocalRotation: {x: 0.13572633, y: 0.502973, z: -0.19361249, w: 0.8313307}
  m_LocalPosition: {x: 9.7, y: 16.6, z: -133.3}
  m_LocalScale: {x: 1, y: 1, z: 1}
  m_Children: []
  m_Father: {fileID: 0}
  m_RootOrder: 3
  m_LocalEulerAnglesHint: {x: 24.862001, y: 59.742004, z: -11.7890005}
--- !u!1001 &1643646386
PrefabInstance:
  m_ObjectHideFlags: 0
  serializedVersion: 2
  m_Modification:
    m_TransformParent: {fileID: 0}
    m_Modifications:
    - target: {fileID: -8679921383154817045, guid: 741835eed716b2746ab1c481265df39a,
        type: 3}
      propertyPath: m_LocalPosition.x
      value: -16.98
      objectReference: {fileID: 0}
    - target: {fileID: -8679921383154817045, guid: 741835eed716b2746ab1c481265df39a,
        type: 3}
      propertyPath: m_LocalPosition.y
      value: 13.9
      objectReference: {fileID: 0}
    - target: {fileID: -8679921383154817045, guid: 741835eed716b2746ab1c481265df39a,
        type: 3}
      propertyPath: m_LocalPosition.z
      value: -46.3
      objectReference: {fileID: 0}
    - target: {fileID: -8679921383154817045, guid: 741835eed716b2746ab1c481265df39a,
        type: 3}
      propertyPath: m_LocalRotation.x
      value: 0.000000020027423
      objectReference: {fileID: 0}
    - target: {fileID: -8679921383154817045, guid: 741835eed716b2746ab1c481265df39a,
        type: 3}
      propertyPath: m_LocalRotation.y
      value: 0.40038332
      objectReference: {fileID: 0}
    - target: {fileID: -8679921383154817045, guid: 741835eed716b2746ab1c481265df39a,
        type: 3}
      propertyPath: m_LocalRotation.z
      value: -0.00000000875066
      objectReference: {fileID: 0}
    - target: {fileID: -8679921383154817045, guid: 741835eed716b2746ab1c481265df39a,
        type: 3}
      propertyPath: m_LocalRotation.w
      value: 0.91634774
      objectReference: {fileID: 0}
    - target: {fileID: -8679921383154817045, guid: 741835eed716b2746ab1c481265df39a,
        type: 3}
      propertyPath: m_RootOrder
      value: 9
      objectReference: {fileID: 0}
    - target: {fileID: -8679921383154817045, guid: 741835eed716b2746ab1c481265df39a,
        type: 3}
      propertyPath: m_LocalEulerAnglesHint.x
      value: 0
      objectReference: {fileID: 0}
    - target: {fileID: -8679921383154817045, guid: 741835eed716b2746ab1c481265df39a,
        type: 3}
      propertyPath: m_LocalEulerAnglesHint.y
      value: 47.204002
      objectReference: {fileID: 0}
    - target: {fileID: -8679921383154817045, guid: 741835eed716b2746ab1c481265df39a,
        type: 3}
      propertyPath: m_LocalEulerAnglesHint.z
      value: 0
      objectReference: {fileID: 0}
    - target: {fileID: 919132149155446097, guid: 741835eed716b2746ab1c481265df39a,
        type: 3}
      propertyPath: m_Name
      value: MQ-3_Drone (4)
      objectReference: {fileID: 0}
    m_RemovedComponents: []
  m_SourcePrefab: {fileID: 100100000, guid: 741835eed716b2746ab1c481265df39a, type: 3}
--- !u!1 &1643646387 stripped
GameObject:
  m_CorrespondingSourceObject: {fileID: 919132149155446097, guid: 741835eed716b2746ab1c481265df39a,
    type: 3}
  m_PrefabInstance: {fileID: 1643646386}
  m_PrefabAsset: {fileID: 0}
--- !u!1 &1643646388 stripped
GameObject:
  m_CorrespondingSourceObject: {fileID: 8749461183961869392, guid: 741835eed716b2746ab1c481265df39a,
    type: 3}
  m_PrefabInstance: {fileID: 1643646386}
  m_PrefabAsset: {fileID: 0}
--- !u!1 &1643646389 stripped
GameObject:
  m_CorrespondingSourceObject: {fileID: -6619385542428775067, guid: 741835eed716b2746ab1c481265df39a,
    type: 3}
  m_PrefabInstance: {fileID: 1643646386}
  m_PrefabAsset: {fileID: 0}
--- !u!1 &1643646390 stripped
GameObject:
  m_CorrespondingSourceObject: {fileID: 6463419177537378924, guid: 741835eed716b2746ab1c481265df39a,
    type: 3}
  m_PrefabInstance: {fileID: 1643646386}
  m_PrefabAsset: {fileID: 0}
--- !u!1 &1643646391 stripped
GameObject:
  m_CorrespondingSourceObject: {fileID: 2084349591035455327, guid: 741835eed716b2746ab1c481265df39a,
    type: 3}
  m_PrefabInstance: {fileID: 1643646386}
  m_PrefabAsset: {fileID: 0}
--- !u!1 &1643646392 stripped
GameObject:
  m_CorrespondingSourceObject: {fileID: 9029181685317378799, guid: 741835eed716b2746ab1c481265df39a,
    type: 3}
  m_PrefabInstance: {fileID: 1643646386}
  m_PrefabAsset: {fileID: 0}
--- !u!1 &1643646393 stripped
GameObject:
  m_CorrespondingSourceObject: {fileID: -5808724357339765478, guid: 741835eed716b2746ab1c481265df39a,
    type: 3}
  m_PrefabInstance: {fileID: 1643646386}
  m_PrefabAsset: {fileID: 0}
--- !u!1 &1643646394 stripped
GameObject:
  m_CorrespondingSourceObject: {fileID: -854159943220084948, guid: 741835eed716b2746ab1c481265df39a,
    type: 3}
  m_PrefabInstance: {fileID: 1643646386}
  m_PrefabAsset: {fileID: 0}
--- !u!64 &1643646395
MeshCollider:
  m_ObjectHideFlags: 0
  m_CorrespondingSourceObject: {fileID: 0}
  m_PrefabInstance: {fileID: 0}
  m_PrefabAsset: {fileID: 0}
  m_GameObject: {fileID: 1643646387}
  m_Material: {fileID: 0}
  m_IsTrigger: 0
  m_Enabled: 1
  serializedVersion: 4
  m_Convex: 0
  m_CookingOptions: 30
  m_Mesh: {fileID: -4518586410152691792, guid: 741835eed716b2746ab1c481265df39a, type: 3}
--- !u!64 &1643646396
MeshCollider:
  m_ObjectHideFlags: 0
  m_CorrespondingSourceObject: {fileID: 0}
  m_PrefabInstance: {fileID: 0}
  m_PrefabAsset: {fileID: 0}
  m_GameObject: {fileID: 1643646388}
  m_Material: {fileID: 0}
  m_IsTrigger: 0
  m_Enabled: 1
  serializedVersion: 4
  m_Convex: 0
  m_CookingOptions: 30
  m_Mesh: {fileID: -8123738496442752641, guid: 741835eed716b2746ab1c481265df39a, type: 3}
--- !u!64 &1643646397
MeshCollider:
  m_ObjectHideFlags: 0
  m_CorrespondingSourceObject: {fileID: 0}
  m_PrefabInstance: {fileID: 0}
  m_PrefabAsset: {fileID: 0}
  m_GameObject: {fileID: 1643646389}
  m_Material: {fileID: 0}
  m_IsTrigger: 0
  m_Enabled: 1
  serializedVersion: 4
  m_Convex: 0
  m_CookingOptions: 30
  m_Mesh: {fileID: -8730636097468761516, guid: 741835eed716b2746ab1c481265df39a, type: 3}
--- !u!64 &1643646398
MeshCollider:
  m_ObjectHideFlags: 0
  m_CorrespondingSourceObject: {fileID: 0}
  m_PrefabInstance: {fileID: 0}
  m_PrefabAsset: {fileID: 0}
  m_GameObject: {fileID: 1643646390}
  m_Material: {fileID: 0}
  m_IsTrigger: 0
  m_Enabled: 1
  serializedVersion: 4
  m_Convex: 0
  m_CookingOptions: 30
  m_Mesh: {fileID: -3338607042036049301, guid: 741835eed716b2746ab1c481265df39a, type: 3}
--- !u!64 &1643646399
MeshCollider:
  m_ObjectHideFlags: 0
  m_CorrespondingSourceObject: {fileID: 0}
  m_PrefabInstance: {fileID: 0}
  m_PrefabAsset: {fileID: 0}
  m_GameObject: {fileID: 1643646391}
  m_Material: {fileID: 0}
  m_IsTrigger: 0
  m_Enabled: 1
  serializedVersion: 4
  m_Convex: 0
  m_CookingOptions: 30
  m_Mesh: {fileID: -4546127652906509944, guid: 741835eed716b2746ab1c481265df39a, type: 3}
--- !u!64 &1643646400
MeshCollider:
  m_ObjectHideFlags: 0
  m_CorrespondingSourceObject: {fileID: 0}
  m_PrefabInstance: {fileID: 0}
  m_PrefabAsset: {fileID: 0}
  m_GameObject: {fileID: 1643646392}
  m_Material: {fileID: 0}
  m_IsTrigger: 0
  m_Enabled: 1
  serializedVersion: 4
  m_Convex: 0
  m_CookingOptions: 30
  m_Mesh: {fileID: -3370488970931075696, guid: 741835eed716b2746ab1c481265df39a, type: 3}
--- !u!64 &1643646401
MeshCollider:
  m_ObjectHideFlags: 0
  m_CorrespondingSourceObject: {fileID: 0}
  m_PrefabInstance: {fileID: 0}
  m_PrefabAsset: {fileID: 0}
  m_GameObject: {fileID: 1643646393}
  m_Material: {fileID: 0}
  m_IsTrigger: 0
  m_Enabled: 1
  serializedVersion: 4
  m_Convex: 0
  m_CookingOptions: 30
  m_Mesh: {fileID: -6899489617099259373, guid: 741835eed716b2746ab1c481265df39a, type: 3}
--- !u!64 &1643646402
MeshCollider:
  m_ObjectHideFlags: 0
  m_CorrespondingSourceObject: {fileID: 0}
  m_PrefabInstance: {fileID: 0}
  m_PrefabAsset: {fileID: 0}
  m_GameObject: {fileID: 1643646394}
  m_Material: {fileID: 0}
  m_IsTrigger: 0
  m_Enabled: 1
  serializedVersion: 4
  m_Convex: 0
  m_CookingOptions: 30
  m_Mesh: {fileID: -8487446057782883894, guid: 741835eed716b2746ab1c481265df39a, type: 3}
--- !u!1001 &1660966023
PrefabInstance:
  m_ObjectHideFlags: 0
  serializedVersion: 2
  m_Modification:
    m_TransformParent: {fileID: 0}
    m_Modifications:
    - target: {fileID: -8679921383154817045, guid: 741835eed716b2746ab1c481265df39a,
        type: 3}
      propertyPath: m_LocalPosition.x
      value: -16.98
      objectReference: {fileID: 0}
    - target: {fileID: -8679921383154817045, guid: 741835eed716b2746ab1c481265df39a,
        type: 3}
      propertyPath: m_LocalPosition.y
      value: 13.9
      objectReference: {fileID: 0}
    - target: {fileID: -8679921383154817045, guid: 741835eed716b2746ab1c481265df39a,
        type: 3}
      propertyPath: m_LocalPosition.z
      value: -13.28
      objectReference: {fileID: 0}
    - target: {fileID: -8679921383154817045, guid: 741835eed716b2746ab1c481265df39a,
        type: 3}
      propertyPath: m_LocalRotation.x
      value: 0.000000020027423
      objectReference: {fileID: 0}
    - target: {fileID: -8679921383154817045, guid: 741835eed716b2746ab1c481265df39a,
        type: 3}
      propertyPath: m_LocalRotation.y
      value: 0.40038332
      objectReference: {fileID: 0}
    - target: {fileID: -8679921383154817045, guid: 741835eed716b2746ab1c481265df39a,
        type: 3}
      propertyPath: m_LocalRotation.z
      value: -0.00000000875066
      objectReference: {fileID: 0}
    - target: {fileID: -8679921383154817045, guid: 741835eed716b2746ab1c481265df39a,
        type: 3}
      propertyPath: m_LocalRotation.w
      value: 0.91634774
      objectReference: {fileID: 0}
    - target: {fileID: -8679921383154817045, guid: 741835eed716b2746ab1c481265df39a,
        type: 3}
      propertyPath: m_RootOrder
      value: 7
      objectReference: {fileID: 0}
    - target: {fileID: -8679921383154817045, guid: 741835eed716b2746ab1c481265df39a,
        type: 3}
      propertyPath: m_LocalEulerAnglesHint.x
      value: 0
      objectReference: {fileID: 0}
    - target: {fileID: -8679921383154817045, guid: 741835eed716b2746ab1c481265df39a,
        type: 3}
      propertyPath: m_LocalEulerAnglesHint.y
      value: 47.204002
      objectReference: {fileID: 0}
    - target: {fileID: -8679921383154817045, guid: 741835eed716b2746ab1c481265df39a,
        type: 3}
      propertyPath: m_LocalEulerAnglesHint.z
      value: 0
      objectReference: {fileID: 0}
    - target: {fileID: 919132149155446097, guid: 741835eed716b2746ab1c481265df39a,
        type: 3}
      propertyPath: m_Name
      value: MQ-3_Drone (2)
      objectReference: {fileID: 0}
    m_RemovedComponents: []
  m_SourcePrefab: {fileID: 100100000, guid: 741835eed716b2746ab1c481265df39a, type: 3}
--- !u!1 &1660966024 stripped
GameObject:
  m_CorrespondingSourceObject: {fileID: 919132149155446097, guid: 741835eed716b2746ab1c481265df39a,
    type: 3}
  m_PrefabInstance: {fileID: 1660966023}
  m_PrefabAsset: {fileID: 0}
--- !u!1 &1660966025 stripped
GameObject:
  m_CorrespondingSourceObject: {fileID: 8749461183961869392, guid: 741835eed716b2746ab1c481265df39a,
    type: 3}
  m_PrefabInstance: {fileID: 1660966023}
  m_PrefabAsset: {fileID: 0}
--- !u!1 &1660966026 stripped
GameObject:
  m_CorrespondingSourceObject: {fileID: -6619385542428775067, guid: 741835eed716b2746ab1c481265df39a,
    type: 3}
  m_PrefabInstance: {fileID: 1660966023}
  m_PrefabAsset: {fileID: 0}
--- !u!1 &1660966027 stripped
GameObject:
  m_CorrespondingSourceObject: {fileID: 6463419177537378924, guid: 741835eed716b2746ab1c481265df39a,
    type: 3}
  m_PrefabInstance: {fileID: 1660966023}
  m_PrefabAsset: {fileID: 0}
--- !u!1 &1660966028 stripped
GameObject:
  m_CorrespondingSourceObject: {fileID: 2084349591035455327, guid: 741835eed716b2746ab1c481265df39a,
    type: 3}
  m_PrefabInstance: {fileID: 1660966023}
  m_PrefabAsset: {fileID: 0}
--- !u!1 &1660966029 stripped
GameObject:
  m_CorrespondingSourceObject: {fileID: 9029181685317378799, guid: 741835eed716b2746ab1c481265df39a,
    type: 3}
  m_PrefabInstance: {fileID: 1660966023}
  m_PrefabAsset: {fileID: 0}
--- !u!1 &1660966030 stripped
GameObject:
  m_CorrespondingSourceObject: {fileID: -5808724357339765478, guid: 741835eed716b2746ab1c481265df39a,
    type: 3}
  m_PrefabInstance: {fileID: 1660966023}
  m_PrefabAsset: {fileID: 0}
--- !u!1 &1660966031 stripped
GameObject:
  m_CorrespondingSourceObject: {fileID: -854159943220084948, guid: 741835eed716b2746ab1c481265df39a,
    type: 3}
  m_PrefabInstance: {fileID: 1660966023}
  m_PrefabAsset: {fileID: 0}
--- !u!64 &1660966032
MeshCollider:
  m_ObjectHideFlags: 0
  m_CorrespondingSourceObject: {fileID: 0}
  m_PrefabInstance: {fileID: 0}
  m_PrefabAsset: {fileID: 0}
  m_GameObject: {fileID: 1660966024}
  m_Material: {fileID: 0}
  m_IsTrigger: 0
  m_Enabled: 1
  serializedVersion: 4
  m_Convex: 0
  m_CookingOptions: 30
  m_Mesh: {fileID: -4518586410152691792, guid: 741835eed716b2746ab1c481265df39a, type: 3}
--- !u!64 &1660966033
MeshCollider:
  m_ObjectHideFlags: 0
  m_CorrespondingSourceObject: {fileID: 0}
  m_PrefabInstance: {fileID: 0}
  m_PrefabAsset: {fileID: 0}
  m_GameObject: {fileID: 1660966025}
  m_Material: {fileID: 0}
  m_IsTrigger: 0
  m_Enabled: 1
  serializedVersion: 4
  m_Convex: 0
  m_CookingOptions: 30
  m_Mesh: {fileID: -8123738496442752641, guid: 741835eed716b2746ab1c481265df39a, type: 3}
--- !u!64 &1660966034
MeshCollider:
  m_ObjectHideFlags: 0
  m_CorrespondingSourceObject: {fileID: 0}
  m_PrefabInstance: {fileID: 0}
  m_PrefabAsset: {fileID: 0}
  m_GameObject: {fileID: 1660966026}
  m_Material: {fileID: 0}
  m_IsTrigger: 0
  m_Enabled: 1
  serializedVersion: 4
  m_Convex: 0
  m_CookingOptions: 30
  m_Mesh: {fileID: -8730636097468761516, guid: 741835eed716b2746ab1c481265df39a, type: 3}
--- !u!64 &1660966035
MeshCollider:
  m_ObjectHideFlags: 0
  m_CorrespondingSourceObject: {fileID: 0}
  m_PrefabInstance: {fileID: 0}
  m_PrefabAsset: {fileID: 0}
  m_GameObject: {fileID: 1660966027}
  m_Material: {fileID: 0}
  m_IsTrigger: 0
  m_Enabled: 1
  serializedVersion: 4
  m_Convex: 0
  m_CookingOptions: 30
  m_Mesh: {fileID: -3338607042036049301, guid: 741835eed716b2746ab1c481265df39a, type: 3}
--- !u!64 &1660966036
MeshCollider:
  m_ObjectHideFlags: 0
  m_CorrespondingSourceObject: {fileID: 0}
  m_PrefabInstance: {fileID: 0}
  m_PrefabAsset: {fileID: 0}
  m_GameObject: {fileID: 1660966028}
  m_Material: {fileID: 0}
  m_IsTrigger: 0
  m_Enabled: 1
  serializedVersion: 4
  m_Convex: 0
  m_CookingOptions: 30
  m_Mesh: {fileID: -4546127652906509944, guid: 741835eed716b2746ab1c481265df39a, type: 3}
--- !u!64 &1660966037
MeshCollider:
  m_ObjectHideFlags: 0
  m_CorrespondingSourceObject: {fileID: 0}
  m_PrefabInstance: {fileID: 0}
  m_PrefabAsset: {fileID: 0}
  m_GameObject: {fileID: 1660966029}
  m_Material: {fileID: 0}
  m_IsTrigger: 0
  m_Enabled: 1
  serializedVersion: 4
  m_Convex: 0
  m_CookingOptions: 30
  m_Mesh: {fileID: -3370488970931075696, guid: 741835eed716b2746ab1c481265df39a, type: 3}
--- !u!64 &1660966038
MeshCollider:
  m_ObjectHideFlags: 0
  m_CorrespondingSourceObject: {fileID: 0}
  m_PrefabInstance: {fileID: 0}
  m_PrefabAsset: {fileID: 0}
  m_GameObject: {fileID: 1660966030}
  m_Material: {fileID: 0}
  m_IsTrigger: 0
  m_Enabled: 1
  serializedVersion: 4
  m_Convex: 0
  m_CookingOptions: 30
  m_Mesh: {fileID: -6899489617099259373, guid: 741835eed716b2746ab1c481265df39a, type: 3}
--- !u!64 &1660966039
MeshCollider:
  m_ObjectHideFlags: 0
  m_CorrespondingSourceObject: {fileID: 0}
  m_PrefabInstance: {fileID: 0}
  m_PrefabAsset: {fileID: 0}
  m_GameObject: {fileID: 1660966031}
  m_Material: {fileID: 0}
  m_IsTrigger: 0
  m_Enabled: 1
  serializedVersion: 4
  m_Convex: 0
  m_CookingOptions: 30
  m_Mesh: {fileID: -8487446057782883894, guid: 741835eed716b2746ab1c481265df39a, type: 3}
--- !u!1001 &1741312093
PrefabInstance:
  m_ObjectHideFlags: 0
  serializedVersion: 2
  m_Modification:
    m_TransformParent: {fileID: 0}
    m_Modifications:
    - target: {fileID: -8679921383154817045, guid: 8015a228410d09846b583a7d2d745efd,
        type: 3}
      propertyPath: m_LocalPosition.x
      value: 0
      objectReference: {fileID: 0}
    - target: {fileID: -8679921383154817045, guid: 8015a228410d09846b583a7d2d745efd,
        type: 3}
      propertyPath: m_LocalPosition.y
      value: 0
      objectReference: {fileID: 0}
    - target: {fileID: -8679921383154817045, guid: 8015a228410d09846b583a7d2d745efd,
        type: 3}
      propertyPath: m_LocalPosition.z
      value: 0
      objectReference: {fileID: 0}
    - target: {fileID: -8679921383154817045, guid: 8015a228410d09846b583a7d2d745efd,
        type: 3}
      propertyPath: m_LocalRotation.x
      value: 0
      objectReference: {fileID: 0}
    - target: {fileID: -8679921383154817045, guid: 8015a228410d09846b583a7d2d745efd,
        type: 3}
      propertyPath: m_LocalRotation.y
      value: 0
      objectReference: {fileID: 0}
    - target: {fileID: -8679921383154817045, guid: 8015a228410d09846b583a7d2d745efd,
        type: 3}
      propertyPath: m_LocalRotation.z
      value: 0
      objectReference: {fileID: 0}
    - target: {fileID: -8679921383154817045, guid: 8015a228410d09846b583a7d2d745efd,
        type: 3}
      propertyPath: m_LocalRotation.w
      value: 1
      objectReference: {fileID: 0}
    - target: {fileID: -8679921383154817045, guid: 8015a228410d09846b583a7d2d745efd,
        type: 3}
      propertyPath: m_RootOrder
      value: 2
      objectReference: {fileID: 0}
    - target: {fileID: -8679921383154817045, guid: 8015a228410d09846b583a7d2d745efd,
        type: 3}
      propertyPath: m_LocalEulerAnglesHint.x
      value: 0
      objectReference: {fileID: 0}
    - target: {fileID: -8679921383154817045, guid: 8015a228410d09846b583a7d2d745efd,
        type: 3}
      propertyPath: m_LocalEulerAnglesHint.y
      value: 0
      objectReference: {fileID: 0}
    - target: {fileID: -8679921383154817045, guid: 8015a228410d09846b583a7d2d745efd,
        type: 3}
      propertyPath: m_LocalEulerAnglesHint.z
      value: 0
      objectReference: {fileID: 0}
    - target: {fileID: 919132149155446097, guid: 8015a228410d09846b583a7d2d745efd,
        type: 3}
      propertyPath: m_Name
      value: Drone_Carrier-blue
      objectReference: {fileID: 0}
    m_RemovedComponents: []
  m_SourcePrefab: {fileID: 100100000, guid: 8015a228410d09846b583a7d2d745efd, type: 3}
--- !u!1 &1741312094 stripped
GameObject:
  m_CorrespondingSourceObject: {fileID: -6912781242242712555, guid: 8015a228410d09846b583a7d2d745efd,
    type: 3}
  m_PrefabInstance: {fileID: 1741312093}
  m_PrefabAsset: {fileID: 0}
--- !u!1 &1741312095 stripped
GameObject:
  m_CorrespondingSourceObject: {fileID: 6640057276870667352, guid: 8015a228410d09846b583a7d2d745efd,
    type: 3}
  m_PrefabInstance: {fileID: 1741312093}
  m_PrefabAsset: {fileID: 0}
--- !u!1 &1741312096 stripped
GameObject:
  m_CorrespondingSourceObject: {fileID: -5607061599315848060, guid: 8015a228410d09846b583a7d2d745efd,
    type: 3}
  m_PrefabInstance: {fileID: 1741312093}
  m_PrefabAsset: {fileID: 0}
--- !u!1 &1741312097 stripped
GameObject:
  m_CorrespondingSourceObject: {fileID: 4374752908300540915, guid: 8015a228410d09846b583a7d2d745efd,
    type: 3}
  m_PrefabInstance: {fileID: 1741312093}
  m_PrefabAsset: {fileID: 0}
--- !u!1 &1741312098 stripped
GameObject:
  m_CorrespondingSourceObject: {fileID: 8645493016162789068, guid: 8015a228410d09846b583a7d2d745efd,
    type: 3}
  m_PrefabInstance: {fileID: 1741312093}
  m_PrefabAsset: {fileID: 0}
--- !u!1 &1741312099 stripped
GameObject:
  m_CorrespondingSourceObject: {fileID: 8719123044114024861, guid: 8015a228410d09846b583a7d2d745efd,
    type: 3}
  m_PrefabInstance: {fileID: 1741312093}
  m_PrefabAsset: {fileID: 0}
--- !u!1 &1741312100 stripped
GameObject:
  m_CorrespondingSourceObject: {fileID: -2791343093558959203, guid: 8015a228410d09846b583a7d2d745efd,
    type: 3}
  m_PrefabInstance: {fileID: 1741312093}
  m_PrefabAsset: {fileID: 0}
--- !u!1 &1741312101 stripped
GameObject:
  m_CorrespondingSourceObject: {fileID: 1739641231251902149, guid: 8015a228410d09846b583a7d2d745efd,
    type: 3}
  m_PrefabInstance: {fileID: 1741312093}
  m_PrefabAsset: {fileID: 0}
--- !u!1 &1741312102 stripped
GameObject:
  m_CorrespondingSourceObject: {fileID: 2116881653585926205, guid: 8015a228410d09846b583a7d2d745efd,
    type: 3}
  m_PrefabInstance: {fileID: 1741312093}
  m_PrefabAsset: {fileID: 0}
--- !u!1 &1741312103 stripped
GameObject:
  m_CorrespondingSourceObject: {fileID: 482066806285726204, guid: 8015a228410d09846b583a7d2d745efd,
    type: 3}
  m_PrefabInstance: {fileID: 1741312093}
  m_PrefabAsset: {fileID: 0}
--- !u!1 &1741312104 stripped
GameObject:
  m_CorrespondingSourceObject: {fileID: 905730028259654022, guid: 8015a228410d09846b583a7d2d745efd,
    type: 3}
  m_PrefabInstance: {fileID: 1741312093}
  m_PrefabAsset: {fileID: 0}
--- !u!1 &1741312105 stripped
GameObject:
  m_CorrespondingSourceObject: {fileID: -3949421119248590523, guid: 8015a228410d09846b583a7d2d745efd,
    type: 3}
  m_PrefabInstance: {fileID: 1741312093}
  m_PrefabAsset: {fileID: 0}
--- !u!1 &1741312106 stripped
GameObject:
  m_CorrespondingSourceObject: {fileID: 4773564936494433953, guid: 8015a228410d09846b583a7d2d745efd,
    type: 3}
  m_PrefabInstance: {fileID: 1741312093}
  m_PrefabAsset: {fileID: 0}
--- !u!1 &1741312107 stripped
GameObject:
  m_CorrespondingSourceObject: {fileID: 2090636117692324237, guid: 8015a228410d09846b583a7d2d745efd,
    type: 3}
  m_PrefabInstance: {fileID: 1741312093}
  m_PrefabAsset: {fileID: 0}
--- !u!1 &1741312108 stripped
GameObject:
  m_CorrespondingSourceObject: {fileID: -2517118439094993056, guid: 8015a228410d09846b583a7d2d745efd,
    type: 3}
  m_PrefabInstance: {fileID: 1741312093}
  m_PrefabAsset: {fileID: 0}
--- !u!1 &1741312109 stripped
GameObject:
  m_CorrespondingSourceObject: {fileID: 6968444727515238719, guid: 8015a228410d09846b583a7d2d745efd,
    type: 3}
  m_PrefabInstance: {fileID: 1741312093}
  m_PrefabAsset: {fileID: 0}
--- !u!1 &1741312110 stripped
GameObject:
  m_CorrespondingSourceObject: {fileID: -8310260215862511747, guid: 8015a228410d09846b583a7d2d745efd,
    type: 3}
  m_PrefabInstance: {fileID: 1741312093}
  m_PrefabAsset: {fileID: 0}
--- !u!1 &1741312111 stripped
GameObject:
  m_CorrespondingSourceObject: {fileID: 8863541924084211578, guid: 8015a228410d09846b583a7d2d745efd,
    type: 3}
  m_PrefabInstance: {fileID: 1741312093}
  m_PrefabAsset: {fileID: 0}
--- !u!1 &1741312112 stripped
GameObject:
  m_CorrespondingSourceObject: {fileID: 8778124529345722745, guid: 8015a228410d09846b583a7d2d745efd,
    type: 3}
  m_PrefabInstance: {fileID: 1741312093}
  m_PrefabAsset: {fileID: 0}
--- !u!1 &1741312113 stripped
GameObject:
  m_CorrespondingSourceObject: {fileID: 6087762922635707234, guid: 8015a228410d09846b583a7d2d745efd,
    type: 3}
  m_PrefabInstance: {fileID: 1741312093}
  m_PrefabAsset: {fileID: 0}
--- !u!1 &1741312114 stripped
GameObject:
  m_CorrespondingSourceObject: {fileID: -7129376229512910674, guid: 8015a228410d09846b583a7d2d745efd,
    type: 3}
  m_PrefabInstance: {fileID: 1741312093}
  m_PrefabAsset: {fileID: 0}
--- !u!1 &1741312115 stripped
GameObject:
  m_CorrespondingSourceObject: {fileID: -5119081436375539540, guid: 8015a228410d09846b583a7d2d745efd,
    type: 3}
  m_PrefabInstance: {fileID: 1741312093}
  m_PrefabAsset: {fileID: 0}
--- !u!1 &1741312116 stripped
GameObject:
  m_CorrespondingSourceObject: {fileID: -8880593344124032661, guid: 8015a228410d09846b583a7d2d745efd,
    type: 3}
  m_PrefabInstance: {fileID: 1741312093}
  m_PrefabAsset: {fileID: 0}
--- !u!1 &1741312117 stripped
GameObject:
  m_CorrespondingSourceObject: {fileID: 5727344898115179140, guid: 8015a228410d09846b583a7d2d745efd,
    type: 3}
  m_PrefabInstance: {fileID: 1741312093}
  m_PrefabAsset: {fileID: 0}
--- !u!1 &1741312118 stripped
GameObject:
  m_CorrespondingSourceObject: {fileID: -6512902023230287175, guid: 8015a228410d09846b583a7d2d745efd,
    type: 3}
  m_PrefabInstance: {fileID: 1741312093}
  m_PrefabAsset: {fileID: 0}
--- !u!1 &1741312119 stripped
GameObject:
  m_CorrespondingSourceObject: {fileID: -219654288571008696, guid: 8015a228410d09846b583a7d2d745efd,
    type: 3}
  m_PrefabInstance: {fileID: 1741312093}
  m_PrefabAsset: {fileID: 0}
--- !u!1 &1741312120 stripped
GameObject:
  m_CorrespondingSourceObject: {fileID: -4071273774903469915, guid: 8015a228410d09846b583a7d2d745efd,
    type: 3}
  m_PrefabInstance: {fileID: 1741312093}
  m_PrefabAsset: {fileID: 0}
--- !u!1 &1741312121 stripped
GameObject:
  m_CorrespondingSourceObject: {fileID: -4232043479467118752, guid: 8015a228410d09846b583a7d2d745efd,
    type: 3}
  m_PrefabInstance: {fileID: 1741312093}
  m_PrefabAsset: {fileID: 0}
--- !u!1 &1741312122 stripped
GameObject:
  m_CorrespondingSourceObject: {fileID: 5839288024337002167, guid: 8015a228410d09846b583a7d2d745efd,
    type: 3}
  m_PrefabInstance: {fileID: 1741312093}
  m_PrefabAsset: {fileID: 0}
--- !u!1 &1741312123 stripped
GameObject:
  m_CorrespondingSourceObject: {fileID: -6045349588232983110, guid: 8015a228410d09846b583a7d2d745efd,
    type: 3}
  m_PrefabInstance: {fileID: 1741312093}
  m_PrefabAsset: {fileID: 0}
--- !u!1 &1741312124 stripped
GameObject:
  m_CorrespondingSourceObject: {fileID: -8231506291437242417, guid: 8015a228410d09846b583a7d2d745efd,
    type: 3}
  m_PrefabInstance: {fileID: 1741312093}
  m_PrefabAsset: {fileID: 0}
--- !u!1 &1741312125 stripped
GameObject:
  m_CorrespondingSourceObject: {fileID: 8147072509409351941, guid: 8015a228410d09846b583a7d2d745efd,
    type: 3}
  m_PrefabInstance: {fileID: 1741312093}
  m_PrefabAsset: {fileID: 0}
--- !u!1 &1741312126 stripped
GameObject:
  m_CorrespondingSourceObject: {fileID: -7720222234752553515, guid: 8015a228410d09846b583a7d2d745efd,
    type: 3}
  m_PrefabInstance: {fileID: 1741312093}
  m_PrefabAsset: {fileID: 0}
--- !u!1 &1741312127 stripped
GameObject:
  m_CorrespondingSourceObject: {fileID: 3524222609088524664, guid: 8015a228410d09846b583a7d2d745efd,
    type: 3}
  m_PrefabInstance: {fileID: 1741312093}
  m_PrefabAsset: {fileID: 0}
--- !u!1 &1741312128 stripped
GameObject:
  m_CorrespondingSourceObject: {fileID: -4545413771724717681, guid: 8015a228410d09846b583a7d2d745efd,
    type: 3}
  m_PrefabInstance: {fileID: 1741312093}
  m_PrefabAsset: {fileID: 0}
--- !u!1 &1741312129 stripped
GameObject:
  m_CorrespondingSourceObject: {fileID: 4920935468535701884, guid: 8015a228410d09846b583a7d2d745efd,
    type: 3}
  m_PrefabInstance: {fileID: 1741312093}
  m_PrefabAsset: {fileID: 0}
--- !u!1 &1741312130 stripped
GameObject:
  m_CorrespondingSourceObject: {fileID: -2967715534471598497, guid: 8015a228410d09846b583a7d2d745efd,
    type: 3}
  m_PrefabInstance: {fileID: 1741312093}
  m_PrefabAsset: {fileID: 0}
--- !u!1 &1741312131 stripped
GameObject:
  m_CorrespondingSourceObject: {fileID: -8233507217961110784, guid: 8015a228410d09846b583a7d2d745efd,
    type: 3}
  m_PrefabInstance: {fileID: 1741312093}
  m_PrefabAsset: {fileID: 0}
--- !u!64 &1741312132
MeshCollider:
  m_ObjectHideFlags: 0
  m_CorrespondingSourceObject: {fileID: 0}
  m_PrefabInstance: {fileID: 0}
  m_PrefabAsset: {fileID: 0}
  m_GameObject: {fileID: 1741312094}
  m_Material: {fileID: 0}
  m_IsTrigger: 0
  m_Enabled: 1
  serializedVersion: 4
  m_Convex: 0
  m_CookingOptions: 30
  m_Mesh: {fileID: -1864872292813448016, guid: 8015a228410d09846b583a7d2d745efd, type: 3}
--- !u!64 &1741312133
MeshCollider:
  m_ObjectHideFlags: 0
  m_CorrespondingSourceObject: {fileID: 0}
  m_PrefabInstance: {fileID: 0}
  m_PrefabAsset: {fileID: 0}
  m_GameObject: {fileID: 1741312095}
  m_Material: {fileID: 0}
  m_IsTrigger: 0
  m_Enabled: 1
  serializedVersion: 4
  m_Convex: 0
  m_CookingOptions: 30
  m_Mesh: {fileID: -3196863924145052114, guid: 8015a228410d09846b583a7d2d745efd, type: 3}
--- !u!64 &1741312134
MeshCollider:
  m_ObjectHideFlags: 0
  m_CorrespondingSourceObject: {fileID: 0}
  m_PrefabInstance: {fileID: 0}
  m_PrefabAsset: {fileID: 0}
  m_GameObject: {fileID: 1741312096}
  m_Material: {fileID: 0}
  m_IsTrigger: 0
  m_Enabled: 1
  serializedVersion: 4
  m_Convex: 0
  m_CookingOptions: 30
  m_Mesh: {fileID: 2611824770046804495, guid: 8015a228410d09846b583a7d2d745efd, type: 3}
--- !u!64 &1741312135
MeshCollider:
  m_ObjectHideFlags: 0
  m_CorrespondingSourceObject: {fileID: 0}
  m_PrefabInstance: {fileID: 0}
  m_PrefabAsset: {fileID: 0}
  m_GameObject: {fileID: 1741312097}
  m_Material: {fileID: 0}
  m_IsTrigger: 0
  m_Enabled: 1
  serializedVersion: 4
  m_Convex: 0
  m_CookingOptions: 30
  m_Mesh: {fileID: 3363739775374477148, guid: 8015a228410d09846b583a7d2d745efd, type: 3}
--- !u!64 &1741312136
MeshCollider:
  m_ObjectHideFlags: 0
  m_CorrespondingSourceObject: {fileID: 0}
  m_PrefabInstance: {fileID: 0}
  m_PrefabAsset: {fileID: 0}
  m_GameObject: {fileID: 1741312098}
  m_Material: {fileID: 0}
  m_IsTrigger: 0
  m_Enabled: 1
  serializedVersion: 4
  m_Convex: 0
  m_CookingOptions: 30
  m_Mesh: {fileID: -320178289945736029, guid: 8015a228410d09846b583a7d2d745efd, type: 3}
--- !u!64 &1741312137
MeshCollider:
  m_ObjectHideFlags: 0
  m_CorrespondingSourceObject: {fileID: 0}
  m_PrefabInstance: {fileID: 0}
  m_PrefabAsset: {fileID: 0}
  m_GameObject: {fileID: 1741312099}
  m_Material: {fileID: 0}
  m_IsTrigger: 0
  m_Enabled: 1
  serializedVersion: 4
  m_Convex: 0
  m_CookingOptions: 30
  m_Mesh: {fileID: -887343055834673919, guid: 8015a228410d09846b583a7d2d745efd, type: 3}
--- !u!64 &1741312138
MeshCollider:
  m_ObjectHideFlags: 0
  m_CorrespondingSourceObject: {fileID: 0}
  m_PrefabInstance: {fileID: 0}
  m_PrefabAsset: {fileID: 0}
  m_GameObject: {fileID: 1741312100}
  m_Material: {fileID: 0}
  m_IsTrigger: 0
  m_Enabled: 1
  serializedVersion: 4
  m_Convex: 0
  m_CookingOptions: 30
  m_Mesh: {fileID: -3122878212530078201, guid: 8015a228410d09846b583a7d2d745efd, type: 3}
--- !u!64 &1741312139
MeshCollider:
  m_ObjectHideFlags: 0
  m_CorrespondingSourceObject: {fileID: 0}
  m_PrefabInstance: {fileID: 0}
  m_PrefabAsset: {fileID: 0}
  m_GameObject: {fileID: 1741312101}
  m_Material: {fileID: 0}
  m_IsTrigger: 0
  m_Enabled: 1
  serializedVersion: 4
  m_Convex: 0
  m_CookingOptions: 30
  m_Mesh: {fileID: 4618432175088094387, guid: 8015a228410d09846b583a7d2d745efd, type: 3}
--- !u!64 &1741312140
MeshCollider:
  m_ObjectHideFlags: 0
  m_CorrespondingSourceObject: {fileID: 0}
  m_PrefabInstance: {fileID: 0}
  m_PrefabAsset: {fileID: 0}
  m_GameObject: {fileID: 1741312102}
  m_Material: {fileID: 0}
  m_IsTrigger: 0
  m_Enabled: 1
  serializedVersion: 4
  m_Convex: 0
  m_CookingOptions: 30
  m_Mesh: {fileID: 5808213643722252513, guid: 8015a228410d09846b583a7d2d745efd, type: 3}
--- !u!64 &1741312141
MeshCollider:
  m_ObjectHideFlags: 0
  m_CorrespondingSourceObject: {fileID: 0}
  m_PrefabInstance: {fileID: 0}
  m_PrefabAsset: {fileID: 0}
  m_GameObject: {fileID: 1741312103}
  m_Material: {fileID: 0}
  m_IsTrigger: 0
  m_Enabled: 1
  serializedVersion: 4
  m_Convex: 0
  m_CookingOptions: 30
  m_Mesh: {fileID: -4614584836625718010, guid: 8015a228410d09846b583a7d2d745efd, type: 3}
--- !u!64 &1741312142
MeshCollider:
  m_ObjectHideFlags: 0
  m_CorrespondingSourceObject: {fileID: 0}
  m_PrefabInstance: {fileID: 0}
  m_PrefabAsset: {fileID: 0}
  m_GameObject: {fileID: 1741312104}
  m_Material: {fileID: 0}
  m_IsTrigger: 0
  m_Enabled: 1
  serializedVersion: 4
  m_Convex: 0
  m_CookingOptions: 30
  m_Mesh: {fileID: 7613546562854658551, guid: 8015a228410d09846b583a7d2d745efd, type: 3}
--- !u!64 &1741312143
MeshCollider:
  m_ObjectHideFlags: 0
  m_CorrespondingSourceObject: {fileID: 0}
  m_PrefabInstance: {fileID: 0}
  m_PrefabAsset: {fileID: 0}
  m_GameObject: {fileID: 1741312105}
  m_Material: {fileID: 0}
  m_IsTrigger: 0
  m_Enabled: 1
  serializedVersion: 4
  m_Convex: 0
  m_CookingOptions: 30
  m_Mesh: {fileID: 5805991222052269206, guid: 8015a228410d09846b583a7d2d745efd, type: 3}
--- !u!64 &1741312144
MeshCollider:
  m_ObjectHideFlags: 0
  m_CorrespondingSourceObject: {fileID: 0}
  m_PrefabInstance: {fileID: 0}
  m_PrefabAsset: {fileID: 0}
  m_GameObject: {fileID: 1741312106}
  m_Material: {fileID: 0}
  m_IsTrigger: 0
  m_Enabled: 1
  serializedVersion: 4
  m_Convex: 0
  m_CookingOptions: 30
  m_Mesh: {fileID: 6346221830240131770, guid: 8015a228410d09846b583a7d2d745efd, type: 3}
--- !u!64 &1741312145
MeshCollider:
  m_ObjectHideFlags: 0
  m_CorrespondingSourceObject: {fileID: 0}
  m_PrefabInstance: {fileID: 0}
  m_PrefabAsset: {fileID: 0}
  m_GameObject: {fileID: 1741312107}
  m_Material: {fileID: 0}
  m_IsTrigger: 0
  m_Enabled: 1
  serializedVersion: 4
  m_Convex: 0
  m_CookingOptions: 30
  m_Mesh: {fileID: 7457684318878642071, guid: 8015a228410d09846b583a7d2d745efd, type: 3}
--- !u!64 &1741312146
MeshCollider:
  m_ObjectHideFlags: 0
  m_CorrespondingSourceObject: {fileID: 0}
  m_PrefabInstance: {fileID: 0}
  m_PrefabAsset: {fileID: 0}
  m_GameObject: {fileID: 1741312108}
  m_Material: {fileID: 0}
  m_IsTrigger: 0
  m_Enabled: 1
  serializedVersion: 4
  m_Convex: 0
  m_CookingOptions: 30
  m_Mesh: {fileID: -5155249395235660109, guid: 8015a228410d09846b583a7d2d745efd, type: 3}
--- !u!64 &1741312147
MeshCollider:
  m_ObjectHideFlags: 0
  m_CorrespondingSourceObject: {fileID: 0}
  m_PrefabInstance: {fileID: 0}
  m_PrefabAsset: {fileID: 0}
  m_GameObject: {fileID: 1741312109}
  m_Material: {fileID: 0}
  m_IsTrigger: 0
  m_Enabled: 1
  serializedVersion: 4
  m_Convex: 0
  m_CookingOptions: 30
  m_Mesh: {fileID: -9092607685972930648, guid: 8015a228410d09846b583a7d2d745efd, type: 3}
--- !u!64 &1741312148
MeshCollider:
  m_ObjectHideFlags: 0
  m_CorrespondingSourceObject: {fileID: 0}
  m_PrefabInstance: {fileID: 0}
  m_PrefabAsset: {fileID: 0}
  m_GameObject: {fileID: 1741312110}
  m_Material: {fileID: 0}
  m_IsTrigger: 0
  m_Enabled: 1
  serializedVersion: 4
  m_Convex: 0
  m_CookingOptions: 30
  m_Mesh: {fileID: -6003113376224071968, guid: 8015a228410d09846b583a7d2d745efd, type: 3}
--- !u!64 &1741312149
MeshCollider:
  m_ObjectHideFlags: 0
  m_CorrespondingSourceObject: {fileID: 0}
  m_PrefabInstance: {fileID: 0}
  m_PrefabAsset: {fileID: 0}
  m_GameObject: {fileID: 1741312111}
  m_Material: {fileID: 0}
  m_IsTrigger: 0
  m_Enabled: 1
  serializedVersion: 4
  m_Convex: 0
  m_CookingOptions: 30
  m_Mesh: {fileID: -715939229273154356, guid: 8015a228410d09846b583a7d2d745efd, type: 3}
--- !u!64 &1741312150
MeshCollider:
  m_ObjectHideFlags: 0
  m_CorrespondingSourceObject: {fileID: 0}
  m_PrefabInstance: {fileID: 0}
  m_PrefabAsset: {fileID: 0}
  m_GameObject: {fileID: 1741312112}
  m_Material: {fileID: 0}
  m_IsTrigger: 0
  m_Enabled: 1
  serializedVersion: 4
  m_Convex: 0
  m_CookingOptions: 30
  m_Mesh: {fileID: -6299004026693027657, guid: 8015a228410d09846b583a7d2d745efd, type: 3}
--- !u!64 &1741312151
MeshCollider:
  m_ObjectHideFlags: 0
  m_CorrespondingSourceObject: {fileID: 0}
  m_PrefabInstance: {fileID: 0}
  m_PrefabAsset: {fileID: 0}
  m_GameObject: {fileID: 1741312113}
  m_Material: {fileID: 0}
  m_IsTrigger: 0
  m_Enabled: 1
  serializedVersion: 4
  m_Convex: 0
  m_CookingOptions: 30
  m_Mesh: {fileID: -4314655876174420676, guid: 8015a228410d09846b583a7d2d745efd, type: 3}
--- !u!64 &1741312152
MeshCollider:
  m_ObjectHideFlags: 0
  m_CorrespondingSourceObject: {fileID: 0}
  m_PrefabInstance: {fileID: 0}
  m_PrefabAsset: {fileID: 0}
  m_GameObject: {fileID: 1741312114}
  m_Material: {fileID: 0}
  m_IsTrigger: 0
  m_Enabled: 1
  serializedVersion: 4
  m_Convex: 0
  m_CookingOptions: 30
  m_Mesh: {fileID: 4585998303393785535, guid: 8015a228410d09846b583a7d2d745efd, type: 3}
--- !u!64 &1741312153
MeshCollider:
  m_ObjectHideFlags: 0
  m_CorrespondingSourceObject: {fileID: 0}
  m_PrefabInstance: {fileID: 0}
  m_PrefabAsset: {fileID: 0}
  m_GameObject: {fileID: 1741312115}
  m_Material: {fileID: 0}
  m_IsTrigger: 0
  m_Enabled: 1
  serializedVersion: 4
  m_Convex: 0
  m_CookingOptions: 30
  m_Mesh: {fileID: -6655404331993277498, guid: 8015a228410d09846b583a7d2d745efd, type: 3}
--- !u!64 &1741312154
MeshCollider:
  m_ObjectHideFlags: 0
  m_CorrespondingSourceObject: {fileID: 0}
  m_PrefabInstance: {fileID: 0}
  m_PrefabAsset: {fileID: 0}
  m_GameObject: {fileID: 1741312116}
  m_Material: {fileID: 0}
  m_IsTrigger: 0
  m_Enabled: 1
  serializedVersion: 4
  m_Convex: 0
  m_CookingOptions: 30
  m_Mesh: {fileID: 7131012143076159163, guid: 8015a228410d09846b583a7d2d745efd, type: 3}
--- !u!64 &1741312155
MeshCollider:
  m_ObjectHideFlags: 0
  m_CorrespondingSourceObject: {fileID: 0}
  m_PrefabInstance: {fileID: 0}
  m_PrefabAsset: {fileID: 0}
  m_GameObject: {fileID: 1741312117}
  m_Material: {fileID: 0}
  m_IsTrigger: 0
  m_Enabled: 1
  serializedVersion: 4
  m_Convex: 0
  m_CookingOptions: 30
  m_Mesh: {fileID: 3536925402705697490, guid: 8015a228410d09846b583a7d2d745efd, type: 3}
--- !u!64 &1741312156
MeshCollider:
  m_ObjectHideFlags: 0
  m_CorrespondingSourceObject: {fileID: 0}
  m_PrefabInstance: {fileID: 0}
  m_PrefabAsset: {fileID: 0}
  m_GameObject: {fileID: 1741312118}
  m_Material: {fileID: 0}
  m_IsTrigger: 0
  m_Enabled: 1
  serializedVersion: 4
  m_Convex: 0
  m_CookingOptions: 30
  m_Mesh: {fileID: 6485385711823835685, guid: 8015a228410d09846b583a7d2d745efd, type: 3}
--- !u!64 &1741312157
MeshCollider:
  m_ObjectHideFlags: 0
  m_CorrespondingSourceObject: {fileID: 0}
  m_PrefabInstance: {fileID: 0}
  m_PrefabAsset: {fileID: 0}
  m_GameObject: {fileID: 1741312119}
  m_Material: {fileID: 0}
  m_IsTrigger: 0
  m_Enabled: 1
  serializedVersion: 4
  m_Convex: 0
  m_CookingOptions: 30
  m_Mesh: {fileID: 3000275774579933734, guid: 8015a228410d09846b583a7d2d745efd, type: 3}
--- !u!64 &1741312158
MeshCollider:
  m_ObjectHideFlags: 0
  m_CorrespondingSourceObject: {fileID: 0}
  m_PrefabInstance: {fileID: 0}
  m_PrefabAsset: {fileID: 0}
  m_GameObject: {fileID: 1741312120}
  m_Material: {fileID: 0}
  m_IsTrigger: 0
  m_Enabled: 1
  serializedVersion: 4
  m_Convex: 0
  m_CookingOptions: 30
  m_Mesh: {fileID: -4284297939421681093, guid: 8015a228410d09846b583a7d2d745efd, type: 3}
--- !u!64 &1741312159
MeshCollider:
  m_ObjectHideFlags: 0
  m_CorrespondingSourceObject: {fileID: 0}
  m_PrefabInstance: {fileID: 0}
  m_PrefabAsset: {fileID: 0}
  m_GameObject: {fileID: 1741312121}
  m_Material: {fileID: 0}
  m_IsTrigger: 0
  m_Enabled: 1
  serializedVersion: 4
  m_Convex: 0
  m_CookingOptions: 30
  m_Mesh: {fileID: -6844011927500014571, guid: 8015a228410d09846b583a7d2d745efd, type: 3}
--- !u!64 &1741312160
MeshCollider:
  m_ObjectHideFlags: 0
  m_CorrespondingSourceObject: {fileID: 0}
  m_PrefabInstance: {fileID: 0}
  m_PrefabAsset: {fileID: 0}
  m_GameObject: {fileID: 1741312122}
  m_Material: {fileID: 0}
  m_IsTrigger: 0
  m_Enabled: 1
  serializedVersion: 4
  m_Convex: 0
  m_CookingOptions: 30
  m_Mesh: {fileID: -711471083242190748, guid: 8015a228410d09846b583a7d2d745efd, type: 3}
--- !u!64 &1741312161
MeshCollider:
  m_ObjectHideFlags: 0
  m_CorrespondingSourceObject: {fileID: 0}
  m_PrefabInstance: {fileID: 0}
  m_PrefabAsset: {fileID: 0}
  m_GameObject: {fileID: 1741312123}
  m_Material: {fileID: 0}
  m_IsTrigger: 0
  m_Enabled: 1
  serializedVersion: 4
  m_Convex: 0
  m_CookingOptions: 30
  m_Mesh: {fileID: -5729549139706256285, guid: 8015a228410d09846b583a7d2d745efd, type: 3}
--- !u!64 &1741312162
MeshCollider:
  m_ObjectHideFlags: 0
  m_CorrespondingSourceObject: {fileID: 0}
  m_PrefabInstance: {fileID: 0}
  m_PrefabAsset: {fileID: 0}
  m_GameObject: {fileID: 1741312124}
  m_Material: {fileID: 0}
  m_IsTrigger: 0
  m_Enabled: 1
  serializedVersion: 4
  m_Convex: 0
  m_CookingOptions: 30
  m_Mesh: {fileID: 4681278951017810925, guid: 8015a228410d09846b583a7d2d745efd, type: 3}
--- !u!64 &1741312163
MeshCollider:
  m_ObjectHideFlags: 0
  m_CorrespondingSourceObject: {fileID: 0}
  m_PrefabInstance: {fileID: 0}
  m_PrefabAsset: {fileID: 0}
  m_GameObject: {fileID: 1741312125}
  m_Material: {fileID: 0}
  m_IsTrigger: 0
  m_Enabled: 1
  serializedVersion: 4
  m_Convex: 0
  m_CookingOptions: 30
  m_Mesh: {fileID: 5624044959695966784, guid: 8015a228410d09846b583a7d2d745efd, type: 3}
--- !u!64 &1741312164
MeshCollider:
  m_ObjectHideFlags: 0
  m_CorrespondingSourceObject: {fileID: 0}
  m_PrefabInstance: {fileID: 0}
  m_PrefabAsset: {fileID: 0}
  m_GameObject: {fileID: 1741312126}
  m_Material: {fileID: 0}
  m_IsTrigger: 0
  m_Enabled: 1
  serializedVersion: 4
  m_Convex: 0
  m_CookingOptions: 30
  m_Mesh: {fileID: -4429289039475791923, guid: 8015a228410d09846b583a7d2d745efd, type: 3}
--- !u!64 &1741312165
MeshCollider:
  m_ObjectHideFlags: 0
  m_CorrespondingSourceObject: {fileID: 0}
  m_PrefabInstance: {fileID: 0}
  m_PrefabAsset: {fileID: 0}
  m_GameObject: {fileID: 1741312127}
  m_Material: {fileID: 0}
  m_IsTrigger: 0
  m_Enabled: 1
  serializedVersion: 4
  m_Convex: 0
  m_CookingOptions: 30
  m_Mesh: {fileID: 6687063310499098197, guid: 8015a228410d09846b583a7d2d745efd, type: 3}
--- !u!64 &1741312166
MeshCollider:
  m_ObjectHideFlags: 0
  m_CorrespondingSourceObject: {fileID: 0}
  m_PrefabInstance: {fileID: 0}
  m_PrefabAsset: {fileID: 0}
  m_GameObject: {fileID: 1741312128}
  m_Material: {fileID: 0}
  m_IsTrigger: 0
  m_Enabled: 1
  serializedVersion: 4
  m_Convex: 0
  m_CookingOptions: 30
  m_Mesh: {fileID: -4276601186935978266, guid: 8015a228410d09846b583a7d2d745efd, type: 3}
--- !u!64 &1741312167
MeshCollider:
  m_ObjectHideFlags: 0
  m_CorrespondingSourceObject: {fileID: 0}
  m_PrefabInstance: {fileID: 0}
  m_PrefabAsset: {fileID: 0}
  m_GameObject: {fileID: 1741312129}
  m_Material: {fileID: 0}
  m_IsTrigger: 0
  m_Enabled: 1
  serializedVersion: 4
  m_Convex: 0
  m_CookingOptions: 30
  m_Mesh: {fileID: -2771472131956875267, guid: 8015a228410d09846b583a7d2d745efd, type: 3}
--- !u!64 &1741312168
MeshCollider:
  m_ObjectHideFlags: 0
  m_CorrespondingSourceObject: {fileID: 0}
  m_PrefabInstance: {fileID: 0}
  m_PrefabAsset: {fileID: 0}
  m_GameObject: {fileID: 1741312130}
  m_Material: {fileID: 0}
  m_IsTrigger: 0
  m_Enabled: 1
  serializedVersion: 4
  m_Convex: 0
  m_CookingOptions: 30
  m_Mesh: {fileID: 4749449229623855537, guid: 8015a228410d09846b583a7d2d745efd, type: 3}
--- !u!64 &1741312169
MeshCollider:
  m_ObjectHideFlags: 0
  m_CorrespondingSourceObject: {fileID: 0}
  m_PrefabInstance: {fileID: 0}
  m_PrefabAsset: {fileID: 0}
  m_GameObject: {fileID: 1741312131}
  m_Material: {fileID: 0}
  m_IsTrigger: 0
  m_Enabled: 1
  serializedVersion: 4
  m_Convex: 0
  m_CookingOptions: 30
  m_Mesh: {fileID: 4825120345450443305, guid: 8015a228410d09846b583a7d2d745efd, type: 3}
--- !u!1001 &2103095502
PrefabInstance:
  m_ObjectHideFlags: 0
  serializedVersion: 2
  m_Modification:
    m_TransformParent: {fileID: 0}
    m_Modifications:
    - target: {fileID: -8679921383154817045, guid: 741835eed716b2746ab1c481265df39a,
        type: 3}
      propertyPath: m_LocalPosition.x
      value: -16.98
      objectReference: {fileID: 0}
    - target: {fileID: -8679921383154817045, guid: 741835eed716b2746ab1c481265df39a,
        type: 3}
      propertyPath: m_LocalPosition.y
      value: 13.9
      objectReference: {fileID: 0}
    - target: {fileID: -8679921383154817045, guid: 741835eed716b2746ab1c481265df39a,
        type: 3}
      propertyPath: m_LocalPosition.z
      value: -29.48
      objectReference: {fileID: 0}
    - target: {fileID: -8679921383154817045, guid: 741835eed716b2746ab1c481265df39a,
        type: 3}
      propertyPath: m_LocalRotation.x
      value: 0.000000020027423
      objectReference: {fileID: 0}
    - target: {fileID: -8679921383154817045, guid: 741835eed716b2746ab1c481265df39a,
        type: 3}
      propertyPath: m_LocalRotation.y
      value: 0.40038332
      objectReference: {fileID: 0}
    - target: {fileID: -8679921383154817045, guid: 741835eed716b2746ab1c481265df39a,
        type: 3}
      propertyPath: m_LocalRotation.z
      value: -0.00000000875066
      objectReference: {fileID: 0}
    - target: {fileID: -8679921383154817045, guid: 741835eed716b2746ab1c481265df39a,
        type: 3}
      propertyPath: m_LocalRotation.w
      value: 0.91634774
      objectReference: {fileID: 0}
    - target: {fileID: -8679921383154817045, guid: 741835eed716b2746ab1c481265df39a,
        type: 3}
      propertyPath: m_RootOrder
      value: 8
      objectReference: {fileID: 0}
    - target: {fileID: -8679921383154817045, guid: 741835eed716b2746ab1c481265df39a,
        type: 3}
      propertyPath: m_LocalEulerAnglesHint.x
      value: 0
      objectReference: {fileID: 0}
    - target: {fileID: -8679921383154817045, guid: 741835eed716b2746ab1c481265df39a,
        type: 3}
      propertyPath: m_LocalEulerAnglesHint.y
      value: 47.204002
      objectReference: {fileID: 0}
    - target: {fileID: -8679921383154817045, guid: 741835eed716b2746ab1c481265df39a,
        type: 3}
      propertyPath: m_LocalEulerAnglesHint.z
      value: 0
      objectReference: {fileID: 0}
    - target: {fileID: 919132149155446097, guid: 741835eed716b2746ab1c481265df39a,
        type: 3}
      propertyPath: m_Name
      value: MQ-3_Drone (3)
      objectReference: {fileID: 0}
    m_RemovedComponents: []
  m_SourcePrefab: {fileID: 100100000, guid: 741835eed716b2746ab1c481265df39a, type: 3}
--- !u!1 &2103095503 stripped
GameObject:
  m_CorrespondingSourceObject: {fileID: 919132149155446097, guid: 741835eed716b2746ab1c481265df39a,
    type: 3}
  m_PrefabInstance: {fileID: 2103095502}
  m_PrefabAsset: {fileID: 0}
--- !u!1 &2103095504 stripped
GameObject:
  m_CorrespondingSourceObject: {fileID: 8749461183961869392, guid: 741835eed716b2746ab1c481265df39a,
    type: 3}
  m_PrefabInstance: {fileID: 2103095502}
  m_PrefabAsset: {fileID: 0}
--- !u!1 &2103095505 stripped
GameObject:
  m_CorrespondingSourceObject: {fileID: -6619385542428775067, guid: 741835eed716b2746ab1c481265df39a,
    type: 3}
  m_PrefabInstance: {fileID: 2103095502}
  m_PrefabAsset: {fileID: 0}
--- !u!1 &2103095506 stripped
GameObject:
  m_CorrespondingSourceObject: {fileID: 6463419177537378924, guid: 741835eed716b2746ab1c481265df39a,
    type: 3}
  m_PrefabInstance: {fileID: 2103095502}
  m_PrefabAsset: {fileID: 0}
--- !u!1 &2103095507 stripped
GameObject:
  m_CorrespondingSourceObject: {fileID: 2084349591035455327, guid: 741835eed716b2746ab1c481265df39a,
    type: 3}
  m_PrefabInstance: {fileID: 2103095502}
  m_PrefabAsset: {fileID: 0}
--- !u!1 &2103095508 stripped
GameObject:
  m_CorrespondingSourceObject: {fileID: 9029181685317378799, guid: 741835eed716b2746ab1c481265df39a,
    type: 3}
  m_PrefabInstance: {fileID: 2103095502}
  m_PrefabAsset: {fileID: 0}
--- !u!1 &2103095509 stripped
GameObject:
  m_CorrespondingSourceObject: {fileID: -5808724357339765478, guid: 741835eed716b2746ab1c481265df39a,
    type: 3}
  m_PrefabInstance: {fileID: 2103095502}
  m_PrefabAsset: {fileID: 0}
--- !u!1 &2103095510 stripped
GameObject:
  m_CorrespondingSourceObject: {fileID: -854159943220084948, guid: 741835eed716b2746ab1c481265df39a,
    type: 3}
  m_PrefabInstance: {fileID: 2103095502}
  m_PrefabAsset: {fileID: 0}
--- !u!64 &2103095511
MeshCollider:
  m_ObjectHideFlags: 0
  m_CorrespondingSourceObject: {fileID: 0}
  m_PrefabInstance: {fileID: 0}
  m_PrefabAsset: {fileID: 0}
  m_GameObject: {fileID: 2103095503}
  m_Material: {fileID: 0}
  m_IsTrigger: 0
  m_Enabled: 1
  serializedVersion: 4
  m_Convex: 0
  m_CookingOptions: 30
  m_Mesh: {fileID: -4518586410152691792, guid: 741835eed716b2746ab1c481265df39a, type: 3}
--- !u!64 &2103095512
MeshCollider:
  m_ObjectHideFlags: 0
  m_CorrespondingSourceObject: {fileID: 0}
  m_PrefabInstance: {fileID: 0}
  m_PrefabAsset: {fileID: 0}
  m_GameObject: {fileID: 2103095504}
  m_Material: {fileID: 0}
  m_IsTrigger: 0
  m_Enabled: 1
  serializedVersion: 4
  m_Convex: 0
  m_CookingOptions: 30
  m_Mesh: {fileID: -8123738496442752641, guid: 741835eed716b2746ab1c481265df39a, type: 3}
--- !u!64 &2103095513
MeshCollider:
  m_ObjectHideFlags: 0
  m_CorrespondingSourceObject: {fileID: 0}
  m_PrefabInstance: {fileID: 0}
  m_PrefabAsset: {fileID: 0}
  m_GameObject: {fileID: 2103095505}
  m_Material: {fileID: 0}
  m_IsTrigger: 0
  m_Enabled: 1
  serializedVersion: 4
  m_Convex: 0
  m_CookingOptions: 30
  m_Mesh: {fileID: -8730636097468761516, guid: 741835eed716b2746ab1c481265df39a, type: 3}
--- !u!64 &2103095514
MeshCollider:
  m_ObjectHideFlags: 0
  m_CorrespondingSourceObject: {fileID: 0}
  m_PrefabInstance: {fileID: 0}
  m_PrefabAsset: {fileID: 0}
  m_GameObject: {fileID: 2103095506}
  m_Material: {fileID: 0}
  m_IsTrigger: 0
  m_Enabled: 1
  serializedVersion: 4
  m_Convex: 0
  m_CookingOptions: 30
  m_Mesh: {fileID: -3338607042036049301, guid: 741835eed716b2746ab1c481265df39a, type: 3}
--- !u!64 &2103095515
MeshCollider:
  m_ObjectHideFlags: 0
  m_CorrespondingSourceObject: {fileID: 0}
  m_PrefabInstance: {fileID: 0}
  m_PrefabAsset: {fileID: 0}
  m_GameObject: {fileID: 2103095507}
  m_Material: {fileID: 0}
  m_IsTrigger: 0
  m_Enabled: 1
  serializedVersion: 4
  m_Convex: 0
  m_CookingOptions: 30
  m_Mesh: {fileID: -4546127652906509944, guid: 741835eed716b2746ab1c481265df39a, type: 3}
--- !u!64 &2103095516
MeshCollider:
  m_ObjectHideFlags: 0
  m_CorrespondingSourceObject: {fileID: 0}
  m_PrefabInstance: {fileID: 0}
  m_PrefabAsset: {fileID: 0}
  m_GameObject: {fileID: 2103095508}
  m_Material: {fileID: 0}
  m_IsTrigger: 0
  m_Enabled: 1
  serializedVersion: 4
  m_Convex: 0
  m_CookingOptions: 30
  m_Mesh: {fileID: -3370488970931075696, guid: 741835eed716b2746ab1c481265df39a, type: 3}
--- !u!64 &2103095517
MeshCollider:
  m_ObjectHideFlags: 0
  m_CorrespondingSourceObject: {fileID: 0}
  m_PrefabInstance: {fileID: 0}
  m_PrefabAsset: {fileID: 0}
  m_GameObject: {fileID: 2103095509}
  m_Material: {fileID: 0}
  m_IsTrigger: 0
  m_Enabled: 1
  serializedVersion: 4
  m_Convex: 0
  m_CookingOptions: 30
  m_Mesh: {fileID: -6899489617099259373, guid: 741835eed716b2746ab1c481265df39a, type: 3}
--- !u!64 &2103095518
MeshCollider:
  m_ObjectHideFlags: 0
  m_CorrespondingSourceObject: {fileID: 0}
  m_PrefabInstance: {fileID: 0}
  m_PrefabAsset: {fileID: 0}
  m_GameObject: {fileID: 2103095510}
  m_Material: {fileID: 0}
  m_IsTrigger: 0
  m_Enabled: 1
  serializedVersion: 4
  m_Convex: 0
  m_CookingOptions: 30
  m_Mesh: {fileID: -8487446057782883894, guid: 741835eed716b2746ab1c481265df39a, type: 3}
